Workbook

Sheet Interclubs2022
A2: Interclubs Seniors
A4: Lieu : | F4: Club : | M4: Châteauroux (N3) | O4: A.M.O. MER | R4: 100 m | S4: Hauteur
M5: Saint Cyr sur Loire (REG) | O5: AAEE EPERNON | R5: 200 m | S5: Perche
E6: Equipe n° | M6: Saran (N2B) | O6: AC ROMORANTIN | R6: 400 m | S6: Longueur
M7: Vineuil (N2A) | O7: AJ BLOIS-ONZAIN | R7: 800 m | S7: Triples-Saut
C8: JURY | M8: Courses | O8: AS FONDETTES | S8: Poids
M9: Sauts | O9: AS NOGENT-LE-ROTROU | S9: Disque
C10: N° Licence | D10: NOM | E10: PRENOM | F10: SPECIALITE | G10: NIVEAU | I10: Choix préféré | M10: Lancers | O10: ATHLE BOCAGE VENDEE* | S10: Marteau
D11: =VLOOKUP(C11,Licenciés!A:D,2,FALSE) -> #N/A | E11: =VLOOKUP(C11,Licenciés!A:D,3,FALSE) -> #N/A | M11: Starter | O11: ATHLE CHARTRES LUCE ASPTT MAIN | S11: Javelot
D12: =VLOOKUP(C12,Licenciés!A:D,2,FALSE) -> #N/A | E12: =VLOOKUP(C12,Licenciés!A:D,3,FALSE) -> #N/A | M12: Marche | O12: ATHLETIC CLUBS DU LITTORAL 44* | S12: Starter
D13: =VLOOKUP(C13,Licenciés!A:D,2,FALSE) -> #N/A | E13: =VLOOKUP(C13,Licenciés!A:D,3,FALSE) -> #N/A | M13: Chrono | O13: ATHLETIC TROIS TOURS* | S13: Marche
D14: =VLOOKUP(C14,Licenciés!A:D,2,FALSE) -> #N/A | E14: =VLOOKUP(C14,Licenciés!A:D,3,FALSE) -> #N/A | M14: Juge Arbitre | O14: ATHLETISME SAINT BARTHELEMY D'ANJOU | S14: Chrono
D15: =VLOOKUP(C15,Licenciés!A:D,2,FALSE) -> #N/A | E15: =VLOOKUP(C15,Licenciés!A:D,3,FALSE) -> #N/A | M15: Secrétariat Informatique | O15: BOURGES ENTENTE ATHLETISME* | S15: Course
D16: =VLOOKUP(C16,Licenciés!A:D,2,FALSE) -> #N/A | E16: =VLOOKUP(C16,Licenciés!A:D,3,FALSE) -> #N/A | O16: CA DU PAYS SAUMUROIS* | S16: Secrétariat Informatique
D17: =VLOOKUP(C17,Licenciés!A:D,2,FALSE) -> #N/A | E17: =VLOOKUP(C17,Licenciés!A:D,3,FALSE) -> #N/A | M17: Fédéral | O17: CARQUEFOU AC
M18: Régional | O18: EA ISSOUDUN
A19: Féminines | F19: Masculins | M19: Autre | O19: EC ORLEANS CERCLE JULES FERRY* | R19: 1 500 m
A20: Epreuves | B20: Ordre | C20: N° Licence | D20: NOM | E20: PRENOM | F20: Epreuves | G20: Ordre | H20: N° Licence | I20: NOM | J20: PRENOM | O20: ENTENTE ATHLE NORD MAYENNE* | R20: 3 000 m
A21: 100 m | B21: 1 | D21: =VLOOKUP(C21,Licenciés!A:C,2,FALSE) -> #N/A | E21: =VLOOKUP(C21,Licenciés!A:C,3,FALSE) -> #N/A | F21: 100 m | G21: 1 | I21: =VLOOKUP(H21,Licenciés!A:C,2,FALSE) -> #N/A | J21: =VLOOKUP(H21,Licenciés!A:C,3,FALSE) -> #N/A | K21: =IF((VLOOKUP(C21,Licenciés!A:Y,25,FALSE)="COMP"),1,0) -> #N/A | L21: =IF((VLOOKUP(H21,Licenciés!A:Y,25,FALSE)="COMP"),1,0) -> #N/A | O21: ENTENTE DES MAUGES* | R21: Haies Hautes
B22: 2 | D22: =VLOOKUP(C22,Licenciés!A:C,2,FALSE) -> #N/A | E22: =VLOOKUP(C22,Licenciés!A:C,3,FALSE) -> #N/A | G22: 2 | I22: =VLOOKUP(H22,Licenciés!A:C,2,FALSE) -> #N/A | J22: =VLOOKUP(H22,Licenciés!A:C,3,FALSE) -> #N/A | K22: =IF((VLOOKUP(C22,Licenciés!A:Y,25,FALSE)="COMP"),1,0) -> #N/A | L22: =IF((VLOOKUP(H22,Licenciés!A:Y,25,FALSE)="COMP"),1,0) -> #N/A | O22: ENTENTE SARTHE ATHLETISME* | R22: Haies Basses
A23: 200 m | B23: 1 | D23: =VLOOKUP(C23,Licenciés!A:C,2,FALSE) -> #N/A | E23: =VLOOKUP(C23,Licenciés!A:C,3,FALSE) -> #N/A | F23: 200 m | G23: 1 | I23: =VLOOKUP(H23,Licenciés!A:C,2,FALSE) -> #N/A | J23: =VLOOKUP(H23,Licenciés!A:C,3,FALSE) -> #N/A | K23: =IF((VLOOKUP(C23,Licenciés!A:Y,25,FALSE)="COMP"),1,0) -> #N/A | L23: =IF((VLOOKUP(H23,Licenciés!A:Y,25,FALSE)="COMP"),1,0) -> #N/A | O23: ENTENTE VENDOME MAROLLES ATHLE | R23: Marche
B24: 2 | D24: =VLOOKUP(C24,Licenciés!A:C,2,FALSE) -> #N/A | E24: =VLOOKUP(C24,Licenciés!A:C,3,FALSE) -> #N/A | G24: 2 | I24: =VLOOKUP(H24,Licenciés!A:C,2,FALSE) -> #N/A | J24: =VLOOKUP(H24,Licenciés!A:C,3,FALSE) -> #N/A | K24: =IF((VLOOKUP(C24,Licenciés!A:Y,25,FALSE)="COMP"),1,0) -> #N/A | L24: =IF((VLOOKUP(H24,Licenciés!A:Y,25,FALSE)="COMP"),1,0) -> #N/A | O24: ES JOUY ST-PREST ATHLETISME | R24: Hauteur
A25: 400 m | B25: 1 | D25: =VLOOKUP(C25,Licenciés!A:C,2,FALSE) -> #N/A | E25: =VLOOKUP(C25,Licenciés!A:C,3,FALSE) -> #N/A | F25: 400 m | G25: 1 | I25: =VLOOKUP(H25,Licenciés!A:C,2,FALSE) -> #N/A | J25: =VLOOKUP(H25,Licenciés!A:C,3,FALSE) -> #N/A | K25: =IF((VLOOKUP(C25,Licenciés!A:Y,25,FALSE)="COMP"),1,0) -> #N/A | L25: =IF((VLOOKUP(H25,Licenciés!A:Y,25,FALSE)="COMP"),1,0) -> #N/A | O25: ES MAINTENON PIERRES ATHLE. | R25: Perche
B26: 2 | D26: =VLOOKUP(C26,Licenciés!A:C,2,FALSE) -> #N/A | E26: =VLOOKUP(C26,Licenciés!A:C,3,FALSE) -> #N/A | G26: 2 | I26: =VLOOKUP(H26,Licenciés!A:C,2,FALSE) -> #N/A | J26: =VLOOKUP(H26,Licenciés!A:C,3,FALSE) -> #N/A | K26: =IF((VLOOKUP(C26,Licenciés!A:Y,25,FALSE)="COMP"),1,0) -> #N/A | L26: =IF((VLOOKUP(H26,Licenciés!A:Y,25,FALSE)="COMP"),1,0) -> #N/A | O26: ETOILE DREUX ATHLETIC CLUB | R26: Longueur
A27: 800 m | B27: 1 | D27: =VLOOKUP(C27,Licenciés!A:C,2,FALSE) -> #N/A | E27: =VLOOKUP(C27,Licenciés!A:C,3,FALSE) -> #N/A | F27: 800 m | G27: 1 | I27: =VLOOKUP(H27,Licenciés!A:C,2,FALSE) -> #N/A | J27: =VLOOKUP(H27,Licenciés!A:C,3,FALSE) -> #N/A | K27: =IF((VLOOKUP(C27,Licenciés!A:Y,25,FALSE)="COMP"),1,0) -> #N/A | L27: =IF((VLOOKUP(H27,Licenciés!A:Y,25,FALSE)="COMP"),1,0) -> #N/A | O27: GIEN ATHLE MARATHON | R27: Triple-Saut
B28: 2 | D28: =VLOOKUP(C28,Licenciés!A:C,2,FALSE) -> #N/A | E28: =VLOOKUP(C28,Licenciés!A:C,3,FALSE) -> #N/A | G28: 2 | I28: =VLOOKUP(H28,Licenciés!A:C,2,FALSE) -> #N/A | J28: =VLOOKUP(H28,Licenciés!A:C,3,FALSE) -> #N/A | K28: =IF((VLOOKUP(C28,Licenciés!A:Y,25,FALSE)="COMP"),1,0) -> #N/A | L28: =IF((VLOOKUP(H28,Licenciés!A:Y,25,FALSE)="COMP"),1,0) -> #N/A | O28: J3 SPORTS AMILLY* | R28: Poids
A29: 1 500m | B29: 1 | D29: =VLOOKUP(C29,Licenciés!A:C,2,FALSE) -> #N/A | E29: =VLOOKUP(C29,Licenciés!A:C,3,FALSE) -> #N/A | F29: 1 500m | G29: 1 | I29: =VLOOKUP(H29,Licenciés!A:C,2,FALSE) -> #N/A | J29: =VLOOKUP(H29,Licenciés!A:C,3,FALSE) -> #N/A | K29: =IF((VLOOKUP(C29,Licenciés!A:Y,25,FALSE)="COMP"),1,0) -> #N/A | L29: =IF((VLOOKUP(H29,Licenciés!A:Y,25,FALSE)="COMP"),1,0) -> #N/A | O29: JA MONTFORT- GESNOIS | R29: Disque
B30: 2 | D30: =VLOOKUP(C30,Licenciés!A:C,2,FALSE) -> #N/A | E30: =VLOOKUP(C30,Licenciés!A:C,3,FALSE) -> #N/A | G30: 2 | I30: =VLOOKUP(H30,Licenciés!A:C,2,FALSE) -> #N/A | J30: =VLOOKUP(H30,Licenciés!A:C,3,FALSE) -> #N/A | K30: =IF((VLOOKUP(C30,Licenciés!A:Y,25,FALSE)="COMP"),1,0) -> #N/A | L30: =IF((VLOOKUP(H30,Licenciés!A:Y,25,FALSE)="COMP"),1,0) -> #N/A | O30: LA BERRICHONNE CHATEAUROUX ATH | R30: Marteau
A31: 3 000 m | B31: 1 | D31: =VLOOKUP(C31,Licenciés!A:C,2,FALSE) -> #N/A | E31: =VLOOKUP(C31,Licenciés!A:C,3,FALSE) -> #N/A | F31: 3000 m | G31: 1 | I31: =VLOOKUP(H31,Licenciés!A:C,2,FALSE) -> #N/A | J31: =VLOOKUP(H31,Licenciés!A:C,3,FALSE) -> #N/A | K31: =IF((VLOOKUP(C31,Licenciés!A:Y,25,FALSE)="COMP"),1,0) -> #N/A | L31: =IF((VLOOKUP(H31,Licenciés!A:Y,25,FALSE)="COMP"),1,0) -> #N/A | O31: OC CHATEAUDUN BONNEVAL A.* | R31: Javelot
B32: 2 | D32: =VLOOKUP(C32,Licenciés!A:C,2,FALSE) -> #N/A | E32: =VLOOKUP(C32,Licenciés!A:C,3,FALSE) -> #N/A | G32: 2 | I32: =VLOOKUP(H32,Licenciés!A:C,2,FALSE) -> #N/A | J32: =VLOOKUP(H32,Licenciés!A:C,3,FALSE) -> #N/A | K32: =IF((VLOOKUP(C32,Licenciés!A:Y,25,FALSE)="COMP"),1,0) -> #N/A | L32: =IF((VLOOKUP(H32,Licenciés!A:Y,25,FALSE)="COMP"),1,0) -> #N/A | O32: REVEIL SPORTIF DE ST CYR/LOIRE | R32: Relais 4 x 100 m
A33: 100 m Haies | B33: 1 | D33: =VLOOKUP(C33,Licenciés!A:C,2,FALSE) -> #N/A | E33: =VLOOKUP(C33,Licenciés!A:C,3,FALSE) -> #N/A | F33: 110 m Haies | G33: 1 | I33: =VLOOKUP(H33,Licenciés!A:C,2,FALSE) -> #N/A | J33: =VLOOKUP(H33,Licenciés!A:C,3,FALSE) -> #N/A | K33: =IF((VLOOKUP(C33,Licenciés!A:Y,25,FALSE)="COMP"),1,0) -> #N/A | L33: =IF((VLOOKUP(H33,Licenciés!A:Y,25,FALSE)="COMP"),1,0) -> #N/A | O33: SAINT PIERRE-MONTLOUIS ATHLE* | R33: Relais 4 x 400 m
B34: 2 | D34: =VLOOKUP(C34,Licenciés!A:C,2,FALSE) -> #N/A | E34: =VLOOKUP(C34,Licenciés!A:C,3,FALSE) -> #N/A | G34: 2 | I34: =VLOOKUP(H34,Licenciés!A:C,2,FALSE) -> #N/A | J34: =VLOOKUP(H34,Licenciés!A:C,3,FALSE) -> #N/A | K34: =IF((VLOOKUP(C34,Licenciés!A:Y,25,FALSE)="COMP"),1,0) -> #N/A | L34: =IF((VLOOKUP(H34,Licenciés!A:Y,25,FALSE)="COMP"),1,0) -> #N/A | O34: SARAN LOIRET ATHLETIC CLUB
A35: 400 m Haies | B35: 1 | D35: =VLOOKUP(C35,Licenciés!A:C,2,FALSE) -> #N/A | E35: =VLOOKUP(C35,Licenciés!A:C,3,FALSE) -> #N/A | F35: 400 m Haies | G35: 1 | I35: =VLOOKUP(H35,Licenciés!A:C,2,FALSE) -> #N/A | J35: =VLOOKUP(H35,Licenciés!A:C,3,FALSE) -> #N/A | K35: =IF((VLOOKUP(C35,Licenciés!A:Y,25,FALSE)="COMP"),1,0) -> #N/A | L35: =IF((VLOOKUP(H35,Licenciés!A:Y,25,FALSE)="COMP"),1,0) -> #N/A | O35: UNION SPORTIVE D AVORD*
B36: 2 | D36: =VLOOKUP(C36,Licenciés!A:C,2,FALSE) -> #N/A | E36: =VLOOKUP(C36,Licenciés!A:C,3,FALSE) -> #N/A | G36: 2 | I36: =VLOOKUP(H36,Licenciés!A:C,2,FALSE) -> #N/A | J36: =VLOOKUP(H36,Licenciés!A:C,3,FALSE) -> #N/A | K36: =IF((VLOOKUP(C36,Licenciés!A:Y,25,FALSE)="COMP"),1,0) -> #N/A | L36: =IF((VLOOKUP(H36,Licenciés!A:Y,25,FALSE)="COMP"),1,0) -> #N/A | O36: VIERZON-VIGNOUX-FOECY ATHLE*
A37: 3 000 m Marche | B37: 1 | D37: =VLOOKUP(C37,Licenciés!A:C,2,FALSE) -> #N/A | E37: =VLOOKUP(C37,Licenciés!A:C,3,FALSE) -> #N/A | F37: 5 000 m Marche | G37: 1 | I37: =VLOOKUP(H37,Licenciés!A:C,2,FALSE) -> #N/A | J37: =VLOOKUP(H37,Licenciés!A:C,3,FALSE) -> #N/A | K37: =IF((VLOOKUP(C37,Licenciés!A:Y,25,FALSE)="COMP"),1,0) -> #N/A | L37: =IF((VLOOKUP(H37,Licenciés!A:Y,25,FALSE)="COMP"),1,0) -> #N/A | O37: VINEUIL SPORTS
B38: 2 | D38: =VLOOKUP(C38,Licenciés!A:C,2,FALSE) -> #N/A | E38: =VLOOKUP(C38,Licenciés!A:C,3,FALSE) -> #N/A | G38: 2 | I38: =VLOOKUP(H38,Licenciés!A:C,2,FALSE) -> #N/A | J38: =VLOOKUP(H38,Licenciés!A:C,3,FALSE) -> #N/A | K38: =IF((VLOOKUP(C38,Licenciés!A:Y,25,FALSE)="COMP"),1,0) -> #N/A | L38: =IF((VLOOKUP(H38,Licenciés!A:Y,25,FALSE)="COMP"),1,0) -> #N/A
F39: 3 000 m steeple | G39: 1 | I39: =VLOOKUP(H39,Licenciés!A:C,2,FALSE) -> #N/A | J39: =VLOOKUP(H39,Licenciés!A:C,3,FALSE) -> #N/A | K39: =IF((VLOOKUP(C39,Licenciés!A:Y,25,FALSE)="COMP"),1,0) -> #N/A | L39: =IF((VLOOKUP(H39,Licenciés!A:Y,25,FALSE)="COMP"),1,0) -> #N/A
G40: 2 | I40: =VLOOKUP(H40,Licenciés!A:C,2,FALSE) -> #N/A | J40: =VLOOKUP(H40,Licenciés!A:C,3,FALSE) -> #N/A | K40: =IF((VLOOKUP(C40,Licenciés!A:Y,25,FALSE)="COMP"),1,0) -> #N/A | L40: =IF((VLOOKUP(H40,Licenciés!A:Y,25,FALSE)="COMP"),1,0) -> #N/A
A41: Hauteur | B41: 1 | D41: =VLOOKUP(C41,Licenciés!A:C,2,FALSE) -> #N/A | E41: =VLOOKUP(C41,Licenciés!A:C,3,FALSE) -> #N/A | F41: Hauteur | G41: 1 | I41: =VLOOKUP(H41,Licenciés!A:C,2,FALSE) -> #N/A | J41: =VLOOKUP(H41,Licenciés!A:C,3,FALSE) -> #N/A | K41: =IF((VLOOKUP(C41,Licenciés!A:Y,25,FALSE)="COMP"),1,0) -> #N/A | L41: =IF((VLOOKUP(H41,Licenciés!A:Y,25,FALSE)="COMP"),1,0) -> #N/A
B42: 2 | D42: =VLOOKUP(C42,Licenciés!A:C,2,FALSE) -> #N/A | E42: =VLOOKUP(C42,Licenciés!A:C,3,FALSE) -> #N/A | G42: 2 | I42: =VLOOKUP(H42,Licenciés!A:C,2,FALSE) -> #N/A | J42: =VLOOKUP(H42,Licenciés!A:C,3,FALSE) -> #N/A | K42: =IF((VLOOKUP(C42,Licenciés!A:Y,25,FALSE)="COMP"),1,0) -> #N/A | L42: =IF((VLOOKUP(H42,Licenciés!A:Y,25,FALSE)="COMP"),1,0) -> #N/A
A43: Perche | B43: 1 | D43: =VLOOKUP(C43,Licenciés!A:C,2,FALSE) -> #N/A | E43: =VLOOKUP(C43,Licenciés!A:C,3,FALSE) -> #N/A | F43: Perche | G43: 1 | I43: =VLOOKUP(H43,Licenciés!A:C,2,FALSE) -> #N/A | J43: =VLOOKUP(H43,Licenciés!A:C,3,FALSE) -> #N/A | K43: =IF((VLOOKUP(C43,Licenciés!A:Y,25,FALSE)="COMP"),1,0) -> #N/A | L43: =IF((VLOOKUP(H43,Licenciés!A:Y,25,FALSE)="COMP"),1,0) -> #N/A
B44: 2 | D44: =VLOOKUP(C44,Licenciés!A:C,2,FALSE) -> #N/A | E44: =VLOOKUP(C44,Licenciés!A:C,3,FALSE) -> #N/A | G44: 2 | I44: =VLOOKUP(H44,Licenciés!A:C,2,FALSE) -> #N/A | J44: =VLOOKUP(H44,Licenciés!A:C,3,FALSE) -> #N/A | K44: =IF((VLOOKUP(C44,Licenciés!A:Y,25,FALSE)="COMP"),1,0) -> #N/A | L44: =IF((VLOOKUP(H44,Licenciés!A:Y,25,FALSE)="COMP"),1,0) -> #N/A
A45: Longueur | B45: 1 | D45: =VLOOKUP(C45,Licenciés!A:C,2,FALSE) -> #N/A | E45: =VLOOKUP(C45,Licenciés!A:C,3,FALSE) -> #N/A | F45: Longueur | G45: 1 | I45: =VLOOKUP(H45,Licenciés!A:C,2,FALSE) -> #N/A | J45: =VLOOKUP(H45,Licenciés!A:C,3,FALSE) -> #N/A | K45: =IF((VLOOKUP(C45,Licenciés!A:Y,25,FALSE)="COMP"),1,0) -> #N/A | L45: =IF((VLOOKUP(H45,Licenciés!A:Y,25,FALSE)="COMP"),1,0) -> #N/A
B46: 2 | D46: =VLOOKUP(C46,Licenciés!A:C,2,FALSE) -> #N/A | E46: =VLOOKUP(C46,Licenciés!A:C,3,FALSE) -> #N/A | G46: 2 | I46: =VLOOKUP(H46,Licenciés!A:C,2,FALSE) -> #N/A | J46: =VLOOKUP(H46,Licenciés!A:C,3,FALSE) -> #N/A | K46: =IF((VLOOKUP(C46,Licenciés!A:Y,25,FALSE)="COMP"),1,0) -> #N/A | L46: =IF((VLOOKUP(H46,Licenciés!A:Y,25,FALSE)="COMP"),1,0) -> #N/A
A47: Triple-Saut | B47: 1 | D47: =VLOOKUP(C47,Licenciés!A:C,2,FALSE) -> #N/A | E47: =VLOOKUP(C47,Licenciés!A:C,3,FALSE) -> #N/A | F47: Triple-Saut | G47: 1 | I47: =VLOOKUP(H47,Licenciés!A:C,2,FALSE) -> #N/A | J47: =VLOOKUP(H47,Licenciés!A:C,3,FALSE) -> #N/A | K47: =IF((VLOOKUP(C47,Licenciés!A:Y,25,FALSE)="COMP"),1,0) -> #N/A | L47: =IF((VLOOKUP(H47,Licenciés!A:Y,25,FALSE)="COMP"),1,0) -> #N/A
B48: 2 | D48: =VLOOKUP(C48,Licenciés!A:C,2,FALSE) -> #N/A | E48: =VLOOKUP(C48,Licenciés!A:C,3,FALSE) -> #N/A | G48: 2 | I48: =VLOOKUP(H48,Licenciés!A:C,2,FALSE) -> #N/A | J48: =VLOOKUP(H48,Licenciés!A:C,3,FALSE) -> #N/A | K48: =IF((VLOOKUP(C48,Licenciés!A:Y,25,FALSE)="COMP"),1,0) -> #N/A | L48: =IF((VLOOKUP(H48,Licenciés!A:Y,25,FALSE)="COMP"),1,0) -> #N/A
A49: Poids | B49: 1 | D49: =VLOOKUP(C49,Licenciés!A:C,2,FALSE) -> #N/A | E49: =VLOOKUP(C49,Licenciés!A:C,3,FALSE) -> #N/A | F49: Poids | G49: 1 | I49: =VLOOKUP(H49,Licenciés!A:C,2,FALSE) -> #N/A | J49: =VLOOKUP(H49,Licenciés!A:C,3,FALSE) -> #N/A | K49: =IF((VLOOKUP(C49,Licenciés!A:Y,25,FALSE)="COMP"),1,0) -> #N/A | L49: =IF((VLOOKUP(H49,Licenciés!A:Y,25,FALSE)="COMP"),1,0) -> #N/A
B50: 2 | D50: =VLOOKUP(C50,Licenciés!A:C,2,FALSE) -> #N/A | E50: =VLOOKUP(C50,Licenciés!A:C,3,FALSE) -> #N/A | G50: 2 | I50: =VLOOKUP(H50,Licenciés!A:C,2,FALSE) -> #N/A | J50: =VLOOKUP(H50,Licenciés!A:C,3,FALSE) -> #N/A | K50: =IF((VLOOKUP(C50,Licenciés!A:Y,25,FALSE)="COMP"),1,0) -> #N/A | L50: =IF((VLOOKUP(H50,Licenciés!A:Y,25,FALSE)="COMP"),1,0) -> #N/A
A51: Disque | B51: 1 | D51: =VLOOKUP(C51,Licenciés!A:C,2,FALSE) -> #N/A | E51: =VLOOKUP(C51,Licenciés!A:C,3,FALSE) -> #N/A | F51: Disque | G51: 1 | I51: =VLOOKUP(H51,Licenciés!A:C,2,FALSE) -> #N/A | J51: =VLOOKUP(H51,Licenciés!A:C,3,FALSE) -> #N/A | K51: =IF((VLOOKUP(C51,Licenciés!A:Y,25,FALSE)="COMP"),1,0) -> #N/A | L51: =IF((VLOOKUP(H51,Licenciés!A:Y,25,FALSE)="COMP"),1,0) -> #N/A
B52: 2 | D52: =VLOOKUP(C52,Licenciés!A:C,2,FALSE) -> #N/A | E52: =VLOOKUP(C52,Licenciés!A:C,3,FALSE) -> #N/A | G52: 2 | I52: =VLOOKUP(H52,Licenciés!A:C,2,FALSE) -> #N/A | J52: =VLOOKUP(H52,Licenciés!A:C,3,FALSE) -> #N/A | K52: =IF((VLOOKUP(C52,Licenciés!A:Y,25,FALSE)="COMP"),1,0) -> #N/A | L52: =IF((VLOOKUP(H52,Licenciés!A:Y,25,FALSE)="COMP"),1,0) -> #N/A
A53: Marteau | B53: 1 | D53: =VLOOKUP(C53,Licenciés!A:C,2,FALSE) -> #N/A | E53: =VLOOKUP(C53,Licenciés!A:C,3,FALSE) -> #N/A | F53: Marteau | G53: 1 | I53: =VLOOKUP(H53,Licenciés!A:C,2,FALSE) -> #N/A | J53: =VLOOKUP(H53,Licenciés!A:C,3,FALSE) -> #N/A | K53: =IF((VLOOKUP(C53,Licenciés!A:Y,25,FALSE)="COMP"),1,0) -> #N/A | L53: =IF((VLOOKUP(H53,Licenciés!A:Y,25,FALSE)="COMP"),1,0) -> #N/A
B54: 2 | D54: =VLOOKUP(C54,Licenciés!A:C,2,FALSE) -> #N/A | E54: =VLOOKUP(C54,Licenciés!A:C,3,FALSE) -> #N/A | G54: 2 | I54: =VLOOKUP(H54,Licenciés!A:C,2,FALSE) -> #N/A | J54: =VLOOKUP(H54,Licenciés!A:C,3,FALSE) -> #N/A | K54: =IF((VLOOKUP(C54,Licenciés!A:Y,25,FALSE)="COMP"),1,0) -> #N/A | L54: =IF((VLOOKUP(H54,Licenciés!A:Y,25,FALSE)="COMP"),1,0) -> #N/A
A55: Javelot | B55: 1 | D55: =VLOOKUP(C55,Licenciés!A:C,2,FALSE) -> #N/A | E55: =VLOOKUP(C55,Licenciés!A:C,3,FALSE) -> #N/A | F55: Javelot | G55: 1 | I55: =VLOOKUP(H55,Licenciés!A:C,2,FALSE) -> #N/A | J55: =VLOOKUP(H55,Licenciés!A:C,3,FALSE) -> #N/A | K55: =IF((VLOOKUP(C55,Licenciés!A:Y,25,FALSE)="COMP"),1,0) -> #N/A | L55: =IF((VLOOKUP(H55,Licenciés!A:Y,25,FALSE)="COMP"),1,0) -> #N/A
B56: 2 | D56: =VLOOKUP(C56,Licenciés!A:C,2,FALSE) -> #N/A | E56: =VLOOKUP(C56,Licenciés!A:C,3,FALSE) -> #N/A | G56: 2 | I56: =VLOOKUP(H56,Licenciés!A:C,2,FALSE) -> #N/A | J56: =VLOOKUP(H56,Licenciés!A:C,3,FALSE) -> #N/A | K56: =IF((VLOOKUP(C56,Licenciés!A:Y,25,FALSE)="COMP"),1,0) -> #N/A | L56: =IF((VLOOKUP(H56,Licenciés!A:Y,25,FALSE)="COMP"),1,0) -> #N/A
A57: Relais 4 x 100 m | B57: 1 | D57: =VLOOKUP(C57,Licenciés!A:C,2,FALSE) -> #N/A | E57: =VLOOKUP(C57,Licenciés!A:C,3,FALSE) -> #N/A | F57: Relais 4 x 100 m | G57: 1 | I57: =VLOOKUP(H57,Licenciés!A:C,2,FALSE) -> #N/A | J57: =VLOOKUP(H57,Licenciés!A:C,3,FALSE) -> #N/A | K57: =IF((VLOOKUP(C57,Licenciés!A:Y,25,FALSE)="COMP"),1,0) -> #N/A | L57: =IF((VLOOKUP(H57,Licenciés!A:Y,25,FALSE)="COMP"),1,0) -> #N/A
B58: 2 | D58: =VLOOKUP(C58,Licenciés!A:C,2,FALSE) -> #N/A | E58: =VLOOKUP(C58,Licenciés!A:C,3,FALSE) -> #N/A | G58: 2 | I58: =VLOOKUP(H58,Licenciés!A:C,2,FALSE) -> #N/A | J58: =VLOOKUP(H58,Licenciés!A:C,3,FALSE) -> #N/A | K58: =IF((VLOOKUP(C58,Licenciés!A:Y,25,FALSE)="COMP"),1,0) -> #N/A | L58: =IF((VLOOKUP(H58,Licenciés!A:Y,25,FALSE)="COMP"),1,0) -> #N/A
B59: 3 | D59: =VLOOKUP(C59,Licenciés!A:C,2,FALSE) -> #N/A | E59: =VLOOKUP(C59,Licenciés!A:C,3,FALSE) -> #N/A | G59: 3 | I59: =VLOOKUP(H59,Licenciés!A:C,2,FALSE) -> #N/A | J59: =VLOOKUP(H59,Licenciés!A:C,3,FALSE) -> #N/A | K59: =IF((VLOOKUP(C59,Licenciés!A:Y,25,FALSE)="COMP"),1,0) -> #N/A | L59: =IF((VLOOKUP(H59,Licenciés!A:Y,25,FALSE)="COMP"),1,0) -> #N/A
B60: 4 | D60: =VLOOKUP(C60,Licenciés!A:C,2,FALSE) -> #N/A | E60: =VLOOKUP(C60,Licenciés!A:C,3,FALSE) -> #N/A | G60: 4 | I60: =VLOOKUP(H60,Licenciés!A:C,2,FALSE) -> #N/A | J60: =VLOOKUP(H60,Licenciés!A:C,3,FALSE) -> #N/A | K60: =IF((VLOOKUP(C60,Licenciés!A:Y,25,FALSE)="COMP"),1,0) -> #N/A | L60: =IF((VLOOKUP(H60,Licenciés!A:Y,25,FALSE)="COMP"),1,0) -> #N/A
A61: Relais 4 x 400 m | B61: 1 | D61: =VLOOKUP(C61,Licenciés!A:C,2,FALSE) -> #N/A | E61: =VLOOKUP(C61,Licenciés!A:C,3,FALSE) -> #N/A | F61: Relais 4 x 400 m | G61: 1 | I61: =VLOOKUP(H61,Licenciés!A:C,2,FALSE) -> #N/A | J61: =VLOOKUP(H61,Licenciés!A:C,3,FALSE) -> #N/A | K61: =IF((VLOOKUP(C61,Licenciés!A:Y,25,FALSE)="COMP"),1,0) -> #N/A | L61: =IF((VLOOKUP(H61,Licenciés!A:Y,25,FALSE)="COMP"),1,0) -> #N/A
B62: 2 | D62: =VLOOKUP(C62,Licenciés!A:C,2,FALSE) -> #N/A | E62: =VLOOKUP(C62,Licenciés!A:C,3,FALSE) -> #N/A | G62: 2 | I62: =VLOOKUP(H62,Licenciés!A:C,2,FALSE) -> #N/A | J62: =VLOOKUP(H62,Licenciés!A:C,3,FALSE) -> #N/A | K62: =IF((VLOOKUP(C62,Licenciés!A:Y,25,FALSE)="COMP"),1,0) -> #N/A | L62: =IF((VLOOKUP(H62,Licenciés!A:Y,25,FALSE)="COMP"),1,0) -> #N/A
B63: 3 | D63: =VLOOKUP(C63,Licenciés!A:C,2,FALSE) -> #N/A | E63: =VLOOKUP(C63,Licenciés!A:C,3,FALSE) -> #N/A | G63: 3 | I63: =VLOOKUP(H63,Licenciés!A:C,2,FALSE) -> #N/A | J63: =VLOOKUP(H63,Licenciés!A:C,3,FALSE) -> #N/A | K63: =IF((VLOOKUP(C63,Licenciés!A:Y,25,FALSE)="COMP"),1,0) -> #N/A | L63: =IF((VLOOKUP(H63,Licenciés!A:Y,25,FALSE)="COMP"),1,0) -> #N/A
B64: 4 | D64: =VLOOKUP(C64,Licenciés!A:C,2,FALSE) -> #N/A | E64: =VLOOKUP(C64,Licenciés!A:C,3,FALSE) -> #N/A | G64: 4 | I64: =VLOOKUP(H64,Licenciés!A:C,2,FALSE) -> #N/A | J64: =VLOOKUP(H64,Licenciés!A:C,3,FALSE) -> #N/A | K64: =IF((VLOOKUP(C64,Licenciés!A:Y,25,FALSE)="COMP"),1,0) -> #N/A | L64: =IF((VLOOKUP(H64,Licenciés!A:Y,25,FALSE)="COMP"),1,0) -> #N/A
A66: Athlètes non-licenciés au 9 mai
A68: Féminines | F68: Masculins
A69: Epreuves | B69: Ordre | C69: N° Licence | D69: NOM | E69: PRENOM | F69: Epreuves | G69: Ordre | H69: N° Licence | I69: NOM | J69: PRENOM

Sheet Licenciés
A1: 2429463 | B1: ABADIE | C1: CHARLES | E1: MA | F1: M | G1: 37038 | Y1: =IF(ISERROR(AA1)=FALSE,"COMP","") -> COMP | Z1: 2429463 | AA1: =VLOOKUP(A1,Z:Z,1,FALSE) -> 2429463
A2: 2430543 | B2: ABDOULAIEV | C2: IBRAGIM | E2: CA | F2: M | G2: 37015 | Y2: =IF(ISERROR(AA2)=FALSE,"COMP","") -> COMP | Z2: 2430543 | AA2: =VLOOKUP(A2,Z:Z,1,FALSE) -> 2430543
A3: 2422611 | B3: ABDOULAYE | C3: MACALOU | E3: ES | F3: M | G3: 37023 | Y3: =IF(ISERROR(AA3)=FALSE,"COMP","") -> COMP | Z3: 2422611 | AA3: =VLOOKUP(A3,Z:Z,1,FALSE) -> 2422611
A4: 1856992 | B4: ABDOU-MOKTAR | C4: HABAB | E4: SE | F4: M | G4: 45008 | Y4: =IF(ISERROR(AA4)=FALSE,"COMP","") | Z4: 1929288 | AA4: =VLOOKUP(A4,Z:Z,1,FALSE) -> #N/A
A5: 508163 | B5: ABEL | C5: JACOB | E5: MA | F5: M | G5: 37021 | Y5: =IF(ISERROR(AA5)=FALSE,"COMP","") | Z5: 2287716 | AA5: =VLOOKUP(A5,Z:Z,1,FALSE) -> #N/A
A6: 1929288 | B6: ABENZA | C6: ARTHUR | E6: SE | F6: M | G6: 45003 | Y6: =IF(ISERROR(AA6)=FALSE,"COMP","") -> COMP | Z6: 2198121 | AA6: =VLOOKUP(A6,Z:Z,1,FALSE) -> 1929288
A7: 2287716 | B7: ABLANCOURT | C7: VADIM | E7: CA | F7: M | G7: 45003 | Y7: =IF(ISERROR(AA7)=FALSE,"COMP","") -> COMP | Z7: 2160922 | AA7: =VLOOKUP(A7,Z:Z,1,FALSE) -> 2287716
A8: 2191809 | B8: ABOAB | C8: MIREILLE | E8: MA | F8: F | G8: 37021 | Y8: =IF(ISERROR(AA8)=FALSE,"COMP","") | Z8: 378241 | AA8: =VLOOKUP(A8,Z:Z,1,FALSE) -> #N/A
A9: 2198121 | B9: ABOUO | C9: NITSHIA-PRIELLE | E9: CA | F9: F | G9: 28011 | Y9: =IF(ISERROR(AA9)=FALSE,"COMP","") -> COMP | Z9: 603467 | AA9: =VLOOKUP(A9,Z:Z,1,FALSE) -> 2198121
A10: 2160922 | B10: ABOUT | C10: HEDI | E10: ES | F10: M | G10: 28037 | Y10: =IF(ISERROR(AA10)=FALSE,"COMP","") -> COMP | Z10: 1157245 | AA10: =VLOOKUP(A10,Z:Z,1,FALSE) -> 2160922
A11: 2255906 | B11: ABRAHAM | C11: JOCELYNE | E11: MA | F11: F | G11: 37024 | Y11: =IF(ISERROR(AA11)=FALSE,"COMP","") | Z11: 2357548 | AA11: =VLOOKUP(A11,Z:Z,1,FALSE) -> #N/A
A12: 2054874 | B12: ABRASSART | C12: ANNE | E12: MA | F12: F | G12: 18031 | Y12: =IF(ISERROR(AA12)=FALSE,"COMP","") | Z12: 1665548 | AA12: =VLOOKUP(A12,Z:Z,1,FALSE) -> #N/A
... A183: 1260160 | B183: ASSELIN | C183: MARIE-CLAUDE | E183: MA | F183: F | G183: 45044 | Y183: =IF(ISERROR(AA183)=FALSE,"COMP","") | Z183: 2426859 | AA183: =VLOOKUP(A183,Z:Z,1,FALSE) -> #N/A
A184: 2210939 | B184: ASSELINEAU | C184: AURELIEN | E184: SE | F184: M | G184: 45009 | L184: 37+L184038 | Y184: =IF(ISERROR(AA184)=FALSE,"COMP","") | Z184: 2418950 | AA184: =VLOOKUP(A184,Z:Z,1,FALSE) -> #N/A
A185: 361997 | B185: ASSELINEAU | C185: GHISLAIN | E185: MA | F185: M | G185: 45038 | Y185: =IF(ISERROR(AA185)=FALSE,"COMP","") -> COMP | Z185: 737082 | AA185: =VLOOKUP(A185,Z:Z,1,FALSE) -> 361997
A186: 2350058 | B186: ASSERIN | C186: CAMILLE | E186: CA | F186: M | G186: 45045 | Y186: =IF(ISERROR(AA186)=FALSE,"COMP","") -> COMP | Z186: 326509 | AA186: =VLOOKUP(A186,Z:Z,1,FALSE) -> 2350058
A187: 2404344 | B187: ASSIE | C187: JEAN-PIERRE | E187: MA | F187: M | G187: 45011 | Y187: =IF(ISERROR(AA187)=FALSE,"COMP","") | Z187: 1157914 | AA187: =VLOOKUP(A187,Z:Z,1,FALSE) -> #N/A
A188: 1513079 | B188: ASTOURY | C188: JEAN-FRANCOIS | E188: MA | F188: M | G188: 37046 | Y188: =IF(ISERROR(AA188)=FALSE,"COMP","") | Z188: 647863 | AA188: =VLOOKUP(A188,Z:Z,1,FALSE) -> #N/A
A189: 2396189 | B189: ATHEY-FOUGEROUSE | C189: BRICE | E189: JU | F189: M | G189: 41012 | Y189: =IF(ISERROR(AA189)=FALSE,"COMP","") -> COMP | Z189: 1216156 | AA189: =VLOOKUP(A189,Z:Z,1,FALSE) -> 2396189
A190: 1101115 | B190: ATIKI | C190: KARIM | E190: MA | F190: M | G190: 36003 | Y190: =IF(ISERROR(AA190)=FALSE,"COMP","") -> COMP | Z190: 2089479 | AA190: =VLOOKUP(A190,Z:Z,1,FALSE) -> 1101115
A191: 2336175 | B191: AUBAILLY | C191: CATHERINE | E191: MA | F191: F | G191: 36023 | Y191: =IF(ISERROR(AA191)=FALSE,"COMP","") | Z191: 2228307 | AA191: =VLOOKUP(A191,Z:Z,1,FALSE) -> #N/A
A192: 238993 | B192: AUBAILLY | C192: RAYMOND | E192: MA | F192: M | G192: 18005 | Y192: =IF(ISERROR(AA192)=FALSE,"COMP","") | Z192: 398199 | AA192: =VLOOKUP(A192,Z:Z,1,FALSE) -> #N/A
A193: 2349170 | B193: AUBAISLE | C193: CAROLE | E193: MA | F193: F | G193: 18029 | Y193: =IF(ISERROR(AA193)=FALSE,"COMP","") | Z193: 1845138 | AA193: =VLOOKUP(A193,Z:Z,1,FALSE) -> #N/A
A194: 2350680 | B194: AUBARD | C194: ALEXANDRE | E194: SE | F194: M | G194: 36024 | Y194: =IF(ISERROR(AA194)=FALSE,"COMP","") | Z194: 1690951 | AA194: =VLOOKUP(A194,Z:Z,1,FALSE) -> #N/A
A195: 2265128 | B195: AUBARD | C195: ANTONIN | E195: JU | F195: M | G195: 36024 | Y195: =IF(ISERROR(AA195)=FALSE,"COMP","") | Z195: 1732501 | AA195: =VLOOKUP(A195,Z:Z,1,FALSE) -> #N/A
A196: 2159477 | B196: AUBARD | C196: EMMANUEL | E196: MA | F196: M | G196: 36024 | Y196: =IF(ISERROR(AA196)=FALSE,"COMP","") | Z196: 2125785 | AA196: =VLOOKUP(A196,Z:Z,1,FALSE) -> #N/A
... A10812: 1877742 | B10812: CHAULOUX | C10812: JULIEN | E10812: MA | F10812: M | G10812: 44073 | Y10812: =IF(ISERROR(AA10812)=FALSE,"COMP","") | Z10812: 2077909 | AA10812: =VLOOKUP(A10812,Z:Z,1,FALSE) -> #N/A
A10813: 2379823 | B10813: CHAUMOITRE | C10813: ELSA | E10813: SE | F10813: F | G10813: 44039 | Y10813: =IF(ISERROR(AA10813)=FALSE,"COMP","") | AA10813: =VLOOKUP(A10813,Z:Z,1,FALSE) -> #N/A
A10814: 1564475 | B10814: CHAUMONT | C10814: AURELIE | E10814: MA | F10814: F | G10814: 44067 | Y10814: =IF(ISERROR(AA10814)=FALSE,"COMP","") -> COMP | AA10814: =VLOOKUP(A10814,Z:Z,1,FALSE) -> 1564475
A10815: 1594986 | B10815: CHAUMULOT | C10815: LIAM | E10815: JU | F10815: M | G10815: 72080 | Y10815: =IF(ISERROR(AA10815)=FALSE,"COMP","") -> COMP | AA10815: =VLOOKUP(A10815,Z:Z,1,FALSE) -> 1594986
A10816: 2290825 | B10816: CHAUSSE | C10816: MAXIME | E10816: JU | F10816: M | G10816: 72041 | Y10816: =IF(ISERROR(AA10816)=FALSE,"COMP","") -> COMP | AA10816: =VLOOKUP(A10816,Z:Z,1,FALSE) -> 2290825
A10817: 2089173 | B10817: CHAUSSEE | C10817: FRANCOIS | E10817: MA | F10817: M | G10817: 44090 | Y10817: =IF(ISERROR(AA10817)=FALSE,"COMP","") | AA10817: =VLOOKUP(A10817,Z:Z,1,FALSE) -> #N/A
A10818: 1557875 | B10818: CHAUSSEE | C10818: MELANIE | E10818: MA | F10818: F | G10818: 44090 | Y10818: =IF(ISERROR(AA10818)=FALSE,"COMP","") | AA10818: =VLOOKUP(A10818,Z:Z,1,FALSE) -> #N/A
A10819: 1906850 | B10819: CHAUSSEPIED | C10819: MARINA | E10819: MA | F10819: F | G10819: 49054 | Y10819: =IF(ISERROR(AA10819)=FALSE,"COMP","") | AA10819: =VLOOKUP(A10819,Z:Z,1,FALSE) -> #N/A
A10820: 2287165 | B10820: CHAUSSEPIED | C10820: PABLO | E10820: JU | F10820: M | G10820: 44039 | Y10820: =IF(ISERROR(AA10820)=FALSE,"COMP","") -> COMP | AA10820: =VLOOKUP(A10820,Z:Z,1,FALSE) -> 2287165
A10821: 555389 | B10821: CHAUTARD | C10821: JEAN-BAPTISTE | E10821: MA | F10821: M | G10821: 72041 | Y10821: =IF(ISERROR(AA10821)=FALSE,"COMP","") | AA10821: =VLOOKUP(A10821,Z:Z,1,FALSE) -> #N/A
A10822: 2207453 | B10822: CHAUVAT | C10822: ANNIE | E10822: MA | F10822: F | G10822: 49002 | Y10822: =IF(ISERROR(AA10822)=FALSE,"COMP","") | AA10822: =VLOOKUP(A10822,Z:Z,1,FALSE) -> #N/A
A10823: 1998697 | B10823: CHAUVAT | C10823: FANTINE | E10823: CA | F10823: F | G10823: 49006 | Y10823: =IF(ISERROR(AA10823)=FALSE,"COMP","") -> COMP | AA10823: =VLOOKUP(A10823,Z:Z,1,FALSE) -> 1998697
A10824: 2347949 | B10824: CHAUVAT | C10824: XAVIER | E10824: MA | F10824: M | G10824: 49001 | Y10824: =IF(ISERROR(AA10824)=FALSE,"COMP","") | AA10824: =VLOOKUP(A10824,Z:Z,1,FALSE) -> #N/A
... A24210: 2077909 | B24210: ZUFFI | C24210: LILY | E24210: JU | F24210: F | G24210: 49009 | Y24210: =IF(ISERROR(AA24210)=FALSE,"COMP","") -> COMP | AA24210: =VLOOKUP(A24210,Z:Z,1,FALSE) -> 2077909

Sheet Equipes
A1: Licence (10 max) obligatoire si licencié | B1: Nom (20 caractères max) Obligatoire | C1: Prénom (15 caractères max) - obligatoire | D1: Catégorie (2 caractères max) - obligatoire | E1: Sexe (1 caractère) - obligatoire | F1: Code d'appel (3 caractères - obligatoire) | G1: Code d'appel ep. N+1 eprv multiple (3 caractères) | H1: Perf Engagement num. (sans séparateur) | I1: N° d'ordre dans l'équipe (obligatoire pour import équipe Interclub) | J1: N° club athlète (6 caractères) | K1: nom club (30 caractères max) obligatoire si non licencié | L1: Code Famille (obligatoire Re, si relais) | M1: Nom équipe relais (30 caractères max) - obligatoire si relais | N1: Ordre composition relais (1 caractère) | O1: Catégorie épreuve relais (obligatoire si relais) | P1: Sexe épreuve relais (obligatoire si relais) | Q1: Nom épreuve (12 caractères max) | R1: Dossard | S1: Nationalité (3 caractères) - obligatoire si non licencié
A2: nolicence | B2: nom | C2: prenom | D2: categorie | E2: sexe | F2: codeappel | G2: epcombine | H2: perfengagement | I2: noordreequipe | J2: noclub | K2: nomclub | L2: codefamille | M2: nomrelais | N2: noordrerelais | O2: categorieep | P2: sexeep | Q2: nomepreuve | R2: nodossard | S2: nationalite
A3: =IF(ISERROR(Interclubs2022!D21)=FALSE,Interclubs2022!C21,"") | B3: =IF(A3<>"",VLOOKUP(A3,Licenciés!A:F,2,FALSE),"") | C3: =IF(A3<>"",VLOOKUP(A3,Licenciés!A:F,3,FALSE),"") | D3: =IF(A3<>"",VLOOKUP(A3,Licenciés!A:F,5,FALSE),"") | E3: =IF(A3<>"",VLOOKUP(A3,Licenciés!A:F,6,FALSE),"") | F3: =IF(A3<>"", 110,"") | I3: =IF(A3<>"",Interclubs2022!B21,"") | J3: =IF(A3<>"",VLOOKUP(A3,Licenciés!A:G,7,FALSE),"")
A4: =IF(ISERROR(Interclubs2022!D22)=FALSE,Interclubs2022!C22,"") | B4: =IF(A4<>"",VLOOKUP(A4,Licenciés!A:F,2,FALSE),"") | C4: =IF(A4<>"",VLOOKUP(A4,Licenciés!A:F,3,FALSE),"") | D4: =IF(A4<>"",VLOOKUP(A4,Licenciés!A:F,5,FALSE),"") | E4: =IF(A4<>"",VLOOKUP(A4,Licenciés!A:F,6,FALSE),"") | F4: =IF(A4<>"", 110,"") | I4: =IF(A4<>"",Interclubs2022!B22,"") | J4: =IF(A4<>"",VLOOKUP(A4,Licenciés!A:G,7,FALSE),"")
A5: =IF(ISERROR(Interclubs2022!D23)=FALSE,Interclubs2022!C23,"") | B5: =IF(A5<>"",VLOOKUP(A5,Licenciés!A:F,2,FALSE),"") | C5: =IF(A5<>"",VLOOKUP(A5,Licenciés!A:F,3,FALSE),"") | D5: =IF(A5<>"",VLOOKUP(A5,Licenciés!A:F,5,FALSE),"") | E5: =IF(A5<>"",VLOOKUP(A5,Licenciés!A:F,6,FALSE),"") | F5: =IF(A5<>"", 120,"") | I5: =IF(A5<>"",Interclubs2022!B23,"") | J5: =IF(A5<>"",VLOOKUP(A5,Licenciés!A:G,7,FALSE),"")
A6: =IF(ISERROR(Interclubs2022!D24)=FALSE,Interclubs2022!C24,"") | B6: =IF(A6<>"",VLOOKUP(A6,Licenciés!A:F,2,FALSE),"") | C6: =IF(A6<>"",VLOOKUP(A6,Licenciés!A:F,3,FALSE),"") | D6: =IF(A6<>"",VLOOKUP(A6,Licenciés!A:F,5,FALSE),"") | E6: =IF(A6<>"",VLOOKUP(A6,Licenciés!A:F,6,FALSE),"") | F6: =IF(A6<>"", 120,"") | I6: =IF(A6<>"",Interclubs2022!B24,"") | J6: =IF(A6<>"",VLOOKUP(A6,Licenciés!A:G,7,FALSE),"")
A7: =IF(ISERROR(Interclubs2022!D25)=FALSE,Interclubs2022!C25,"") | B7: =IF(A7<>"",VLOOKUP(A7,Licenciés!A:F,2,FALSE),"") | C7: =IF(A7<>"",VLOOKUP(A7,Licenciés!A:F,3,FALSE),"") | D7: =IF(A7<>"",VLOOKUP(A7,Licenciés!A:F,5,FALSE),"") | E7: =IF(A7<>"",VLOOKUP(A7,Licenciés!A:F,6,FALSE),"") | F7: =IF(A7<>"", 140,"") | I7: =IF(A7<>"",Interclubs2022!B25,"") | J7: =IF(A7<>"",VLOOKUP(A7,Licenciés!A:G,7,FALSE),"")
A8: =IF(ISERROR(Interclubs2022!D26)=FALSE,Interclubs2022!C26,"") | B8: =IF(A8<>"",VLOOKUP(A8,Licenciés!A:F,2,FALSE),"") | C8: =IF(A8<>"",VLOOKUP(A8,Licenciés!A:F,3,FALSE),"") | D8: =IF(A8<>"",VLOOKUP(A8,Licenciés!A:F,5,FALSE),"") | E8: =IF(A8<>"",VLOOKUP(A8,Licenciés!A:F,6,FALSE),"") | F8: =IF(A8<>"", 140,"") | I8: =IF(A8<>"",Interclubs2022!B26,"") | J8: =IF(A8<>"",VLOOKUP(A8,Licenciés!A:G,7,FALSE),"")
A9: =IF(ISERROR(Interclubs2022!D27)=FALSE,Interclubs2022!C27,"") | B9: =IF(A9<>"",VLOOKUP(A9,Licenciés!A:F,2,FALSE),"") | C9: =IF(A9<>"",VLOOKUP(A9,Licenciés!A:F,3,FALSE),"") | D9: =IF(A9<>"",VLOOKUP(A9,Licenciés!A:F,5,FALSE),"") | E9: =IF(A9<>"",VLOOKUP(A9,Licenciés!A:F,6,FALSE),"") | F9: =IF(A9<>"", 208,"") | I9: =IF(A9<>"",Interclubs2022!B27,"") | J9: =IF(A9<>"",VLOOKUP(A9,Licenciés!A:G,7,FALSE),"")
A10: =IF(ISERROR(Interclubs2022!D28)=FALSE,Interclubs2022!C28,"") | B10: =IF(A10<>"",VLOOKUP(A10,Licenciés!A:F,2,FALSE),"") | C10: =IF(A10<>"",VLOOKUP(A10,Licenciés!A:F,3,FALSE),"") | D10: =IF(A10<>"",VLOOKUP(A10,Licenciés!A:F,5,FALSE),"") | E10: =IF(A10<>"",VLOOKUP(A10,Licenciés!A:F,6,FALSE),"") | F10: =IF(A10<>"", 208,"") | I10: =IF(A10<>"",Interclubs2022!B28,"") | J10: =IF(A10<>"",VLOOKUP(A10,Licenciés!A:G,7,FALSE),"")
A11: =IF(ISERROR(Interclubs2022!D29)=FALSE,Interclubs2022!C29,"") | B11: =IF(A11<>"",VLOOKUP(A11,Licenciés!A:F,2,FALSE),"") | C11: =IF(A11<>"",VLOOKUP(A11,Licenciés!A:F,3,FALSE),"") | D11: =IF(A11<>"",VLOOKUP(A11,Licenciés!A:F,5,FALSE),"") | E11: =IF(A11<>"",VLOOKUP(A11,Licenciés!A:F,6,FALSE),"") | F11: =IF(A11<>"", 215,"") | I11: =IF(A11<>"",Interclubs2022!B29,"") | J11: =IF(A11<>"",VLOOKUP(A11,Licenciés!A:G,7,FALSE),"")
A12: =IF(ISERROR(Interclubs2022!D30)=FALSE,Interclubs2022!C30,"") | B12: =IF(A12<>"",VLOOKUP(A12,Licenciés!A:F,2,FALSE),"") | C12: =IF(A12<>"",VLOOKUP(A12,Licenciés!A:F,3,FALSE),"") | D12: =IF(A12<>"",VLOOKUP(A12,Licenciés!A:F,5,FALSE),"") | E12: =IF(A12<>"",VLOOKUP(A12,Licenciés!A:F,6,FALSE),"") | F12: =IF(A12<>"", 215,"") | I12: =IF(A12<>"",Interclubs2022!B30,"") | J12: =IF(A12<>"",VLOOKUP(A12,Licenciés!A:G,7,FALSE),"")
A13: =IF(ISERROR(Interclubs2022!D31)=FALSE,Interclubs2022!C31,"") | B13: =IF(A13<>"",VLOOKUP(A13,Licenciés!A:F,2,FALSE),"") | C13: =IF(A13<>"",VLOOKUP(A13,Licenciés!A:F,3,FALSE),"") | D13: =IF(A13<>"",VLOOKUP(A13,Licenciés!A:F,5,FALSE),"") | E13: =IF(A13<>"",VLOOKUP(A13,Licenciés!A:F,6,FALSE),"") | F13: =IF(A13<>"", 230,"") | I13: =IF(A13<>"",Interclubs2022!B31,"") | J13: =IF(A13<>"",VLOOKUP(A13,Licenciés!A:G,7,FALSE),"")
A14: =IF(ISERROR(Interclubs2022!D32)=FALSE,Interclubs2022!C32,"") | B14: =IF(A14<>"",VLOOKUP(A14,Licenciés!A:F,2,FALSE),"") | C14: =IF(A14<>"",VLOOKUP(A14,Licenciés!A:F,3,FALSE),"") | D14: =IF(A14<>"",VLOOKUP(A14,Licenciés!A:F,5,FALSE),"") | E14: =IF(A14<>"",VLOOKUP(A14,Licenciés!A:F,6,FALSE),"") | F14: =IF(A14<>"", 230,"") | I14: =IF(A14<>"",Interclubs2022!B32,"") | J14: =IF(A14<>"",VLOOKUP(A14,Licenciés!A:G,7,FALSE),"")
A15: =IF(ISERROR(Interclubs2022!D33)=FALSE,Interclubs2022!C33,"") | B15: =IF(A15<>"",VLOOKUP(A15,Licenciés!A:F,2,FALSE),"") | C15: =IF(A15<>"",VLOOKUP(A15,Licenciés!A:F,3,FALSE),"") | D15: =IF(A15<>"",VLOOKUP(A15,Licenciés!A:F,5,FALSE),"") | E15: =IF(A15<>"",VLOOKUP(A15,Licenciés!A:F,6,FALSE),"") | F15: =IF(A15<>"", 310,"") | I15: =IF(A15<>"",Interclubs2022!B33,"") | J15: =IF(A15<>"",VLOOKUP(A15,Licenciés!A:G,7,FALSE),"")
A16: =IF(ISERROR(Interclubs2022!D34)=FALSE,Interclubs2022!C34,"") | B16: =IF(A16<>"",VLOOKUP(A16,Licenciés!A:F,2,FALSE),"") | C16: =IF(A16<>"",VLOOKUP(A16,Licenciés!A:F,3,FALSE),"") | D16: =IF(A16<>"",VLOOKUP(A16,Licenciés!A:F,5,FALSE),"") | E16: =IF(A16<>"",VLOOKUP(A16,Licenciés!A:F,6,FALSE),"") | F16: =IF(A16<>"", 310,"") | I16: =IF(A16<>"",Interclubs2022!B34,"") | J16: =IF(A16<>"",VLOOKUP(A16,Licenciés!A:G,7,FALSE),"")
A17: =IF(ISERROR(Interclubs2022!D35)=FALSE,Interclubs2022!C35,"") | B17: =IF(A17<>"",VLOOKUP(A17,Licenciés!A:F,2,FALSE),"") | C17: =IF(A17<>"",VLOOKUP(A17,Licenciés!A:F,3,FALSE),"") | D17: =IF(A17<>"",VLOOKUP(A17,Licenciés!A:F,5,FALSE),"") | E17: =IF(A17<>"",VLOOKUP(A17,Licenciés!A:F,6,FALSE),"") | F17: =IF(A17<>"", 340,"") | I17: =IF(A17<>"",Interclubs2022!B35,"") | J17: =IF(A17<>"",VLOOKUP(A17,Licenciés!A:G,7,FALSE),"")
A18: =IF(ISERROR(Interclubs2022!D36)=FALSE,Interclubs2022!C36,"") | B18: =IF(A18<>"",VLOOKUP(A18,Licenciés!A:F,2,FALSE),"") | C18: =IF(A18<>"",VLOOKUP(A18,Licenciés!A:F,3,FALSE),"") | D18: =IF(A18<>"",VLOOKUP(A18,Licenciés!A:F,5,FALSE),"") | E18: =IF(A18<>"",VLOOKUP(A18,Licenciés!A:F,6,FALSE),"") | F18: =IF(A18<>"", 340,"") | I18: =IF(A18<>"",Interclubs2022!B36,"") | J18: =IF(A18<>"",VLOOKUP(A18,Licenciés!A:G,7,FALSE),"")
A19: =IF(ISERROR(Interclubs2022!D37)=FALSE,Interclubs2022!C37,"") | B19: =IF(A19<>"",VLOOKUP(A19,Licenciés!A:F,2,FALSE),"") | C19: =IF(A19<>"",VLOOKUP(A19,Licenciés!A:F,3,FALSE),"") | D19: =IF(A19<>"",VLOOKUP(A19,Licenciés!A:F,5,FALSE),"") | E19: =IF(A19<>"",VLOOKUP(A19,Licenciés!A:F,6,FALSE),"") | F19: =IF(A19<>"", 903,"") | I19: =IF(A19<>"",Interclubs2022!B37,"") | J19: =IF(A19<>"",VLOOKUP(A19,Licenciés!A:G,7,FALSE),"")
A20: =IF(ISERROR(Interclubs2022!D38)=FALSE,Interclubs2022!C38,"") | B20: =IF(A20<>"",VLOOKUP(A20,Licenciés!A:F,2,FALSE),"") | C20: =IF(A20<>"",VLOOKUP(A20,Licenciés!A:F,3,FALSE),"") | D20: =IF(A20<>"",VLOOKUP(A20,Licenciés!A:F,5,FALSE),"") | E20: =IF(A20<>"",VLOOKUP(A20,Licenciés!A:F,6,FALSE),"") | F20: =IF(A20<>"", 903,"") | I20: =IF(A20<>"",Interclubs2022!B38,"") | J20: =IF(A20<>"",VLOOKUP(A20,Licenciés!A:G,7,FALSE),"")
A21: =IF(ISERROR(Interclubs2022!D41)=FALSE,Interclubs2022!C41,"") | B21: =IF(A21<>"",VLOOKUP(A21,Licenciés!A:F,2,FALSE),"") | C21: =IF(A21<>"",VLOOKUP(A21,Licenciés!A:F,3,FALSE),"") | D21: =IF(A21<>"",VLOOKUP(A21,Licenciés!A:F,5,FALSE),"") | E21: =IF(A21<>"",VLOOKUP(A21,Licenciés!A:F,6,FALSE),"") | F21: =IF(A21<>"", 501,"") | I21: =IF(A21<>"",Interclubs2022!B41,"") | J21: =IF(A21<>"",VLOOKUP(A21,Licenciés!A:G,7,FALSE),"")
A22: =IF(ISERROR(Interclubs2022!D42)=FALSE,Interclubs2022!C42,"") | B22: =IF(A22<>"",VLOOKUP(A22,Licenciés!A:F,2,FALSE),"") | C22: =IF(A22<>"",VLOOKUP(A22,Licenciés!A:F,3,FALSE),"") | D22: =IF(A22<>"",VLOOKUP(A22,Licenciés!A:F,5,FALSE),"") | E22: =IF(A22<>"",VLOOKUP(A22,Licenciés!A:F,6,FALSE),"") | F22: =IF(A22<>"", 501,"") | I22: =IF(A22<>"",Interclubs2022!B42,"") | J22: =IF(A22<>"",VLOOKUP(A22,Licenciés!A:G,7,FALSE),"")
A23: =IF(ISERROR(Interclubs2022!D43)=FALSE,Interclubs2022!C43,"") | B23: =IF(A23<>"",VLOOKUP(A23,Licenciés!A:F,2,FALSE),"") | C23: =IF(A23<>"",VLOOKUP(A23,Licenciés!A:F,3,FALSE),"") | D23: =IF(A23<>"",VLOOKUP(A23,Licenciés!A:F,5,FALSE),"") | E23: =IF(A23<>"",VLOOKUP(A23,Licenciés!A:F,6,FALSE),"") | F23: =IF(A23<>"", 502,"") | I23: =IF(A23<>"",Interclubs2022!B43,"") | J23: =IF(A23<>"",VLOOKUP(A23,Licenciés!A:G,7,FALSE),"")
A24: =IF(ISERROR(Interclubs2022!D44)=FALSE,Interclubs2022!C44,"") | B24: =IF(A24<>"",VLOOKUP(A24,Licenciés!A:F,2,FALSE),"") | C24: =IF(A24<>"",VLOOKUP(A24,Licenciés!A:F,3,FALSE),"") | D24: =IF(A24<>"",VLOOKUP(A24,Licenciés!A:F,5,FALSE),"") | E24: =IF(A24<>"",VLOOKUP(A24,Licenciés!A:F,6,FALSE),"") | F24: =IF(A24<>"", 502,"") | I24: =IF(A24<>"",Interclubs2022!B44,"") | J24: =IF(A24<>"",VLOOKUP(A24,Licenciés!A:G,7,FALSE),"")
A25: =IF(ISERROR(Interclubs2022!D45)=FALSE,Interclubs2022!C45,"") | B25: =IF(A25<>"",VLOOKUP(A25,Licenciés!A:F,2,FALSE),"") | C25: =IF(A25<>"",VLOOKUP(A25,Licenciés!A:F,3,FALSE),"") | D25: =IF(A25<>"",VLOOKUP(A25,Licenciés!A:F,5,FALSE),"") | E25: =IF(A25<>"",VLOOKUP(A25,Licenciés!A:F,6,FALSE),"") | F25: =IF(A25<>"", 503,"") | I25: =IF(A25<>"",Interclubs2022!B45,"") | J25: =IF(A25<>"",VLOOKUP(A25,Licenciés!A:G,7,FALSE),"")
A26: =IF(ISERROR(Interclubs2022!D46)=FALSE,Interclubs2022!C46,"") | B26: =IF(A26<>"",VLOOKUP(A26,Licenciés!A:F,2,FALSE),"") | C26: =IF(A26<>"",VLOOKUP(A26,Licenciés!A:F,3,FALSE),"") | D26: =IF(A26<>"",VLOOKUP(A26,Licenciés!A:F,5,FALSE),"") | E26: =IF(A26<>"",VLOOKUP(A26,Licenciés!A:F,6,FALSE),"") | F26: =IF(A26<>"", 503,"") | I26: =IF(A26<>"",Interclubs2022!B46,"") | J26: =IF(A26<>"",VLOOKUP(A26,Licenciés!A:G,7,FALSE),"")
A27: =IF(ISERROR(Interclubs2022!D47)=FALSE,Interclubs2022!C47,"") | B27: =IF(A27<>"",VLOOKUP(A27,Licenciés!A:F,2,FALSE),"") | C27: =IF(A27<>"",VLOOKUP(A27,Licenciés!A:F,3,FALSE),"") | D27: =IF(A27<>"",VLOOKUP(A27,Licenciés!A:F,5,FALSE),"") | E27: =IF(A27<>"",VLOOKUP(A27,Licenciés!A:F,6,FALSE),"") | F27: =IF(A27<>"", 504,"") | I27: =IF(A27<>"",Interclubs2022!B47,"") | J27: =IF(A27<>"",VLOOKUP(A27,Licenciés!A:G,7,FALSE),"")
A28: =IF(ISERROR(Interclubs2022!D48)=FALSE,Interclubs2022!C48,"") | B28: =IF(A28<>"",VLOOKUP(A28,Licenciés!A:F,2,FALSE),"") | C28: =IF(A28<>"",VLOOKUP(A28,Licenciés!A:F,3,FALSE),"") | D28: =IF(A28<>"",VLOOKUP(A28,Licenciés!A:F,5,FALSE),"") | E28: =IF(A28<>"",VLOOKUP(A28,Licenciés!A:F,6,FALSE),"") | F28: =IF(A28<>"", 504,"") | I28: =IF(A28<>"",Interclubs2022!B48,"") | J28: =IF(A28<>"",VLOOKUP(A28,Licenciés!A:G,7,FALSE),"")
A29: =IF(ISERROR(Interclubs2022!D49)=FALSE,Interclubs2022!C49,"") | B29: =IF(A29<>"",VLOOKUP(A29,Licenciés!A:F,2,FALSE),"") | C29: =IF(A29<>"",VLOOKUP(A29,Licenciés!A:F,3,FALSE),"") | D29: =IF(A29<>"",VLOOKUP(A29,Licenciés!A:F,5,FALSE),"") | E29: =IF(A29<>"",VLOOKUP(A29,Licenciés!A:F,6,FALSE),"") | F29: =IF(A29<>"", 604,"") | I29: =IF(A29<>"",Interclubs2022!B49,"") | J29: =IF(A29<>"",VLOOKUP(A29,Licenciés!A:G,7,FALSE),"")
A30: =IF(ISERROR(Interclubs2022!D50)=FALSE,Interclubs2022!C50,"") | B30: =IF(A30<>"",VLOOKUP(A30,Licenciés!A:F,2,FALSE),"") | C30: =IF(A30<>"",VLOOKUP(A30,Licenciés!A:F,3,FALSE),"") | D30: =IF(A30<>"",VLOOKUP(A30,Licenciés!A:F,5,FALSE),"") | E30: =IF(A30<>"",VLOOKUP(A30,Licenciés!A:F,6,FALSE),"") | F30: =IF(A30<>"", 604,"") | I30: =IF(A30<>"",Interclubs2022!B50,"") | J30: =IF(A30<>"",VLOOKUP(A30,Licenciés!A:G,7,FALSE),"")
A31: =IF(ISERROR(Interclubs2022!D51)=FALSE,Interclubs2022!C51,"") | B31: =IF(A31<>"",VLOOKUP(A31,Licenciés!A:F,2,FALSE),"") | C31: =IF(A31<>"",VLOOKUP(A31,Licenciés!A:F,3,FALSE),"") | D31: =IF(A31<>"",VLOOKUP(A31,Licenciés!A:F,5,FALSE),"") | E31: =IF(A31<>"",VLOOKUP(A31,Licenciés!A:F,6,FALSE),"") | F31: =IF(A31<>"", 610,"") | I31: =IF(A31<>"",Interclubs2022!B51,"") | J31: =IF(A31<>"",VLOOKUP(A31,Licenciés!A:G,7,FALSE),"")
A32: =IF(ISERROR(Interclubs2022!D52)=FALSE,Interclubs2022!C52,"") | B32: =IF(A32<>"",VLOOKUP(A32,Licenciés!A:F,2,FALSE),"") | C32: =IF(A32<>"",VLOOKUP(A32,Licenciés!A:F,3,FALSE),"") | D32: =IF(A32<>"",VLOOKUP(A32,Licenciés!A:F,5,FALSE),"") | E32: =IF(A32<>"",VLOOKUP(A32,Licenciés!A:F,6,FALSE),"") | F32: =IF(A32<>"", 610,"") | I32: =IF(A32<>"",Interclubs2022!B52,"") | J32: =IF(A32<>"",VLOOKUP(A32,Licenciés!A:G,7,FALSE),"")
A33: =IF(ISERROR(Interclubs2022!D53)=FALSE,Interclubs2022!C53,"") | B33: =IF(A33<>"",VLOOKUP(A33,Licenciés!A:F,2,FALSE),"") | C33: =IF(A33<>"",VLOOKUP(A33,Licenciés!A:F,3,FALSE),"") | D33: =IF(A33<>"",VLOOKUP(A33,Licenciés!A:F,5,FALSE),"") | E33: =IF(A33<>"",VLOOKUP(A33,Licenciés!A:F,6,FALSE),"") | F33: =IF(A33<>"", 634,"") | I33: =IF(A33<>"",Interclubs2022!B53,"") | J33: =IF(A33<>"",VLOOKUP(A33,Licenciés!A:G,7,FALSE),"")
A34: =IF(ISERROR(Interclubs2022!D54)=FALSE,Interclubs2022!C54,"") | B34: =IF(A34<>"",VLOOKUP(A34,Licenciés!A:F,2,FALSE),"") | C34: =IF(A34<>"",VLOOKUP(A34,Licenciés!A:F,3,FALSE),"") | D34: =IF(A34<>"",VLOOKUP(A34,Licenciés!A:F,5,FALSE),"") | E34: =IF(A34<>"",VLOOKUP(A34,Licenciés!A:F,6,FALSE),"") | F34: =IF(A34<>"", 634,"") | I34: =IF(A34<>"",Interclubs2022!B54,"") | J34: =IF(A34<>"",VLOOKUP(A34,Licenciés!A:G,7,FALSE),"")
A35: =IF(ISERROR(Interclubs2022!D55)=FALSE,Interclubs2022!C55,"") | B35: =IF(A35<>"",VLOOKUP(A35,Licenciés!A:F,2,FALSE),"") | C35: =IF(A35<>"",VLOOKUP(A35,Licenciés!A:F,3,FALSE),"") | D35: =IF(A35<>"",VLOOKUP(A35,Licenciés!A:F,5,FALSE),"") | E35: =IF(A35<>"",VLOOKUP(A35,Licenciés!A:F,6,FALSE),"") | F35: =IF(A35<>"", 660,"") | I35: =IF(A35<>"",Interclubs2022!B55,"") | J35: =IF(A35<>"",VLOOKUP(A35,Licenciés!A:G,7,FALSE),"")
A36: =IF(ISERROR(Interclubs2022!D56)=FALSE,Interclubs2022!C56,"") | B36: =IF(A36<>"",VLOOKUP(A36,Licenciés!A:F,2,FALSE),"") | C36: =IF(A36<>"",VLOOKUP(A36,Licenciés!A:F,3,FALSE),"") | D36: =IF(A36<>"",VLOOKUP(A36,Licenciés!A:F,5,FALSE),"") | E36: =IF(A36<>"",VLOOKUP(A36,Licenciés!A:F,6,FALSE),"") | F36: =IF(A36<>"", 660,"") | I36: =IF(A36<>"",Interclubs2022!B56,"") | J36: =IF(A36<>"",VLOOKUP(A36,Licenciés!A:G,7,FALSE),"")
A37: =IF(ISERROR(Interclubs2022!D57)=FALSE,Interclubs2022!C57,"") | B37: =IF(A37<>"",VLOOKUP(A37,Licenciés!A:F,2,FALSE),"") | C37: =IF(A37<>"",VLOOKUP(A37,Licenciés!A:F,3,FALSE),"") | D37: =IF(A37<>"",VLOOKUP(A37,Licenciés!A:F,5,FALSE),"") | E37: =IF(A37<>"",VLOOKUP(A37,Licenciés!A:F,6,FALSE),"") | F37: =IF(A37<>"", 810,"") | J37: =IF(A37<>"",VLOOKUP(A37,Licenciés!A:G,7,FALSE),"") | L37: =IF(A37<>"","Re","") | M37: =IF(A37<>"",CONCATENATE(Interclubs2022!$H$4," ",Interclubs2022!$F$6),"") | N37: =IF(A37<>"",Interclubs2022!B57,"") | O37: =IF(A37<>"","SE","") | P37: =IF(A37<>"","F","")
A38: =IF(ISERROR(Interclubs2022!D58)=FALSE,Interclubs2022!C58,"") | B38: =IF(A38<>"",VLOOKUP(A38,Licenciés!A:F,2,FALSE),"") | C38: =IF(A38<>"",VLOOKUP(A38,Licenciés!A:F,3,FALSE),"") | D38: =IF(A38<>"",VLOOKUP(A38,Licenciés!A:F,5,FALSE),"") | E38: =IF(A38<>"",VLOOKUP(A38,Licenciés!A:F,6,FALSE),"") | F38: =IF(A38<>"", 810,"") | J38: =IF(A38<>"",VLOOKUP(A38,Licenciés!A:G,7,FALSE),"") | L38: =IF(A38<>"","Re","") | M38: =IF(A38<>"",CONCATENATE(Interclubs2022!$H$4," ",Interclubs2022!$F$6),"") | N38: =IF(A38<>"",Interclubs2022!B58,"") | O38: =IF(A38<>"","SE","") | P38: =IF(A38<>"","F","")
A39: =IF(ISERROR(Interclubs2022!D59)=FALSE,Interclubs2022!C59,"") | B39: =IF(A39<>"",VLOOKUP(A39,Licenciés!A:F,2,FALSE),"") | C39: =IF(A39<>"",VLOOKUP(A39,Licenciés!A:F,3,FALSE),"") | D39: =IF(A39<>"",VLOOKUP(A39,Licenciés!A:F,5,FALSE),"") | E39: =IF(A39<>"",VLOOKUP(A39,Licenciés!A:F,6,FALSE),"") | F39: =IF(A39<>"", 810,"") | J39: =IF(A39<>"",VLOOKUP(A39,Licenciés!A:G,7,FALSE),"") | L39: =IF(A39<>"","Re","") | M39: =IF(A39<>"",CONCATENATE(Interclubs2022!$H$4," ",Interclubs2022!$F$6),"") | N39: =IF(A39<>"",Interclubs2022!B59,"") | O39: =IF(A39<>"","SE","") | P39: =IF(A39<>"","F","")
A40: =IF(ISERROR(Interclubs2022!D60)=FALSE,Interclubs2022!C60,"") | B40: =IF(A40<>"",VLOOKUP(A40,Licenciés!A:F,2,FALSE),"") | C40: =IF(A40<>"",VLOOKUP(A40,Licenciés!A:F,3,FALSE),"") | D40: =IF(A40<>"",VLOOKUP(A40,Licenciés!A:F,5,FALSE),"") | E40: =IF(A40<>"",VLOOKUP(A40,Licenciés!A:F,6,FALSE),"") | F40: =IF(A40<>"", 810,"") | J40: =IF(A40<>"",VLOOKUP(A40,Licenciés!A:G,7,FALSE),"") | L40: =IF(A40<>"","Re","") | M40: =IF(A40<>"",CONCATENATE(Interclubs2022!$H$4," ",Interclubs2022!$F$6),"") | N40: =IF(A40<>"",Interclubs2022!B60,"") | O40: =IF(A40<>"","SE","") | P40: =IF(A40<>"","F","")
A41: =IF(ISERROR(Interclubs2022!D61)=FALSE,Interclubs2022!C61,"") | B41: =IF(A41<>"",VLOOKUP(A41,Licenciés!A:F,2,FALSE),"") | C41: =IF(A41<>"",VLOOKUP(A41,Licenciés!A:F,3,FALSE),"") | D41: =IF(A41<>"",VLOOKUP(A41,Licenciés!A:F,5,FALSE),"") | E41: =IF(A41<>"",VLOOKUP(A41,Licenciés!A:F,6,FALSE),"") | F41: =IF(A41<>"", 840,"") | J41: =IF(A41<>"",VLOOKUP(A41,Licenciés!A:G,7,FALSE),"") | L41: =IF(A41<>"","Re","") | M41: =IF(A41<>"",CONCATENATE(Interclubs2022!$H$4," ",Interclubs2022!$F$6),"") | N41: =IF(A41<>"",Interclubs2022!B61,"") | O41: =IF(A41<>"","SE","") | P41: =IF(A41<>"","F","")
A42: =IF(ISERROR(Interclubs2022!D62)=FALSE,Interclubs2022!C62,"") | B42: =IF(A42<>"",VLOOKUP(A42,Licenciés!A:F,2,FALSE),"") | C42: =IF(A42<>"",VLOOKUP(A42,Licenciés!A:F,3,FALSE),"") | D42: =IF(A42<>"",VLOOKUP(A42,Licenciés!A:F,5,FALSE),"") | E42: =IF(A42<>"",VLOOKUP(A42,Licenciés!A:F,6,FALSE),"") | F42: =IF(A42<>"", 840,"") | J42: =IF(A42<>"",VLOOKUP(A42,Licenciés!A:G,7,FALSE),"") | L42: =IF(A42<>"","Re","") | M42: =IF(A42<>"",CONCATENATE(Interclubs2022!$H$4," ",Interclubs2022!$F$6),"") | N42: =IF(A42<>"",Interclubs2022!B62,"") | O42: =IF(A42<>"","SE","") | P42: =IF(A42<>"","F","")
A43: =IF(ISERROR(Interclubs2022!D63)=FALSE,Interclubs2022!C63,"") | B43: =IF(A43<>"",VLOOKUP(A43,Licenciés!A:F,2,FALSE),"") | C43: =IF(A43<>"",VLOOKUP(A43,Licenciés!A:F,3,FALSE),"") | D43: =IF(A43<>"",VLOOKUP(A43,Licenciés!A:F,5,FALSE),"") | E43: =IF(A43<>"",VLOOKUP(A43,Licenciés!A:F,6,FALSE),"") | F43: =IF(A43<>"", 840,"") | J43: =IF(A43<>"",VLOOKUP(A43,Licenciés!A:G,7,FALSE),"") | L43: =IF(A43<>"","Re","") | M43: =IF(A43<>"",CONCATENATE(Interclubs2022!$H$4," ",Interclubs2022!$F$6),"") | N43: =IF(A43<>"",Interclubs2022!B63,"") | O43: =IF(A43<>"","SE","") | P43: =IF(A43<>"","F","")
A44: =IF(ISERROR(Interclubs2022!D64)=FALSE,Interclubs2022!C64,"") | B44: =IF(A44<>"",VLOOKUP(A44,Licenciés!A:F,2,FALSE),"") | C44: =IF(A44<>"",VLOOKUP(A44,Licenciés!A:F,3,FALSE),"") | D44: =IF(A44<>"",VLOOKUP(A44,Licenciés!A:F,5,FALSE),"") | E44: =IF(A44<>"",VLOOKUP(A44,Licenciés!A:F,6,FALSE),"") | F44: =IF(A44<>"", 840,"") | J44: =IF(A44<>"",VLOOKUP(A44,Licenciés!A:G,7,FALSE),"") | L44: =IF(A44<>"","Re","") | M44: =IF(A44<>"",CONCATENATE(Interclubs2022!$H$4," ",Interclubs2022!$F$6),"") | N44: =IF(A44<>"",Interclubs2022!B64,"") | O44: =IF(A44<>"","SE","") | P44: =IF(A44<>"","F","")
A45: =IF(ISERROR(Interclubs2022!I21)=FALSE,Interclubs2022!H21,"") | B45: =IF(A45<>"",VLOOKUP(A45,Licenciés!A:F,2,FALSE),"") | C45: =IF(A45<>"",VLOOKUP(A45,Licenciés!A:F,3,FALSE),"") | D45: =IF(A45<>"",VLOOKUP(A45,Licenciés!A:F,5,FALSE),"") | E45: =IF(A45<>"",VLOOKUP(A45,Licenciés!A:F,6,FALSE),"") | F45: =IF(A45<>"", 110,"") | I45: =IF(A45<>"",Interclubs2022!G21,"") | J45: =IF(A45<>"",VLOOKUP(A45,Licenciés!A:G,7,FALSE),"")
A46: =IF(ISERROR(Interclubs2022!I22)=FALSE,Interclubs2022!H22,"") | B46: =IF(A46<>"",VLOOKUP(A46,Licenciés!A:F,2,FALSE),"") | C46: =IF(A46<>"",VLOOKUP(A46,Licenciés!A:F,3,FALSE),"") | D46: =IF(A46<>"",VLOOKUP(A46,Licenciés!A:F,5,FALSE),"") | E46: =IF(A46<>"",VLOOKUP(A46,Licenciés!A:F,6,FALSE),"") | F46: =IF(A46<>"", 110,"") | I46: =IF(A46<>"",Interclubs2022!G22,"") | J46: =IF(A46<>"",VLOOKUP(A46,Licenciés!A:G,7,FALSE),"")
A47: =IF(ISERROR(Interclubs2022!I23)=FALSE,Interclubs2022!H23,"") | B47: =IF(A47<>"",VLOOKUP(A47,Licenciés!A:F,2,FALSE),"") | C47: =IF(A47<>"",VLOOKUP(A47,Licenciés!A:F,3,FALSE),"") | D47: =IF(A47<>"",VLOOKUP(A47,Licenciés!A:F,5,FALSE),"") | E47: =IF(A47<>"",VLOOKUP(A47,Licenciés!A:F,6,FALSE),"") | F47: =IF(A47<>"", 120,"") | I47: =IF(A47<>"",Interclubs2022!G23,"") | J47: =IF(A47<>"",VLOOKUP(A47,Licenciés!A:G,7,FALSE),"")
A48: =IF(ISERROR(Interclubs2022!I24)=FALSE,Interclubs2022!H24,"") | B48: =IF(A48<>"",VLOOKUP(A48,Licenciés!A:F,2,FALSE),"") | C48: =IF(A48<>"",VLOOKUP(A48,Licenciés!A:F,3,FALSE),"") | D48: =IF(A48<>"",VLOOKUP(A48,Licenciés!A:F,5,FALSE),"") | E48: =IF(A48<>"",VLOOKUP(A48,Licenciés!A:F,6,FALSE),"") | F48: =IF(A48<>"", 120,"") | I48: =IF(A48<>"",Interclubs2022!G24,"") | J48: =IF(A48<>"",VLOOKUP(A48,Licenciés!A:G,7,FALSE),"")
A49: =IF(ISERROR(Interclubs2022!I25)=FALSE,Interclubs2022!H25,"") | B49: =IF(A49<>"",VLOOKUP(A49,Licenciés!A:F,2,FALSE),"") | C49: =IF(A49<>"",VLOOKUP(A49,Licenciés!A:F,3,FALSE),"") | D49: =IF(A49<>"",VLOOKUP(A49,Licenciés!A:F,5,FALSE),"") | E49: =IF(A49<>"",VLOOKUP(A49,Licenciés!A:F,6,FALSE),"") | F49: =IF(A49<>"", 140,"") | I49: =IF(A49<>"",Interclubs2022!G25,"") | J49: =IF(A49<>"",VLOOKUP(A49,Licenciés!A:G,7,FALSE),"")
A50: =IF(ISERROR(Interclubs2022!I26)=FALSE,Interclubs2022!H26,"") | B50: =IF(A50<>"",VLOOKUP(A50,Licenciés!A:F,2,FALSE),"") | C50: =IF(A50<>"",VLOOKUP(A50,Licenciés!A:F,3,FALSE),"") | D50: =IF(A50<>"",VLOOKUP(A50,Licenciés!A:F,5,FALSE),"") | E50: =IF(A50<>"",VLOOKUP(A50,Licenciés!A:F,6,FALSE),"") | F50: =IF(A50<>"", 140,"") | I50: =IF(A50<>"",Interclubs2022!G26,"") | J50: =IF(A50<>"",VLOOKUP(A50,Licenciés!A:G,7,FALSE),"")
A51: =IF(ISERROR(Interclubs2022!I27)=FALSE,Interclubs2022!H27,"") | B51: =IF(A51<>"",VLOOKUP(A51,Licenciés!A:F,2,FALSE),"") | C51: =IF(A51<>"",VLOOKUP(A51,Licenciés!A:F,3,FALSE),"") | D51: =IF(A51<>"",VLOOKUP(A51,Licenciés!A:F,5,FALSE),"") | E51: =IF(A51<>"",VLOOKUP(A51,Licenciés!A:F,6,FALSE),"") | F51: =IF(A51<>"", 208,"") | I51: =IF(A51<>"",Interclubs2022!G27,"") | J51: =IF(A51<>"",VLOOKUP(A51,Licenciés!A:G,7,FALSE),"")
A52: =IF(ISERROR(Interclubs2022!I28)=FALSE,Interclubs2022!H28,"") | B52: =IF(A52<>"",VLOOKUP(A52,Licenciés!A:F,2,FALSE),"") | C52: =IF(A52<>"",VLOOKUP(A52,Licenciés!A:F,3,FALSE),"") | D52: =IF(A52<>"",VLOOKUP(A52,Licenciés!A:F,5,FALSE),"") | E52: =IF(A52<>"",VLOOKUP(A52,Licenciés!A:F,6,FALSE),"") | F52: =IF(A52<>"", 208,"") | I52: =IF(A52<>"",Interclubs2022!G28,"") | J52: =IF(A52<>"",VLOOKUP(A52,Licenciés!A:G,7,FALSE),"")
A53: =IF(ISERROR(Interclubs2022!I29)=FALSE,Interclubs2022!H29,"") | B53: =IF(A53<>"",VLOOKUP(A53,Licenciés!A:F,2,FALSE),"") | C53: =IF(A53<>"",VLOOKUP(A53,Licenciés!A:F,3,FALSE),"") | D53: =IF(A53<>"",VLOOKUP(A53,Licenciés!A:F,5,FALSE),"") | E53: =IF(A53<>"",VLOOKUP(A53,Licenciés!A:F,6,FALSE),"") | F53: =IF(A53<>"", 215,"") | I53: =IF(A53<>"",Interclubs2022!G29,"") | J53: =IF(A53<>"",VLOOKUP(A53,Licenciés!A:G,7,FALSE),"")
A54: =IF(ISERROR(Interclubs2022!I30)=FALSE,Interclubs2022!H30,"") | B54: =IF(A54<>"",VLOOKUP(A54,Licenciés!A:F,2,FALSE),"") | C54: =IF(A54<>"",VLOOKUP(A54,Licenciés!A:F,3,FALSE),"") | D54: =IF(A54<>"",VLOOKUP(A54,Licenciés!A:F,5,FALSE),"") | E54: =IF(A54<>"",VLOOKUP(A54,Licenciés!A:F,6,FALSE),"") | F54: =IF(A54<>"", 215,"") | I54: =IF(A54<>"",Interclubs2022!G30,"") | J54: =IF(A54<>"",VLOOKUP(A54,Licenciés!A:G,7,FALSE),"")
A55: =IF(ISERROR(Interclubs2022!I31)=FALSE,Interclubs2022!H31,"") | B55: =IF(A55<>"",VLOOKUP(A55,Licenciés!A:F,2,FALSE),"") | C55: =IF(A55<>"",VLOOKUP(A55,Licenciés!A:F,3,FALSE),"") | D55: =IF(A55<>"",VLOOKUP(A55,Licenciés!A:F,5,FALSE),"") | E55: =IF(A55<>"",VLOOKUP(A55,Licenciés!A:F,6,FALSE),"") | F55: =IF(A55<>"", 230,"") | I55: =IF(A55<>"",Interclubs2022!G31,"") | J55: =IF(A55<>"",VLOOKUP(A55,Licenciés!A:G,7,FALSE),"")
A56: =IF(ISERROR(Interclubs2022!I32)=FALSE,Interclubs2022!H32,"") | B56: =IF(A56<>"",VLOOKUP(A56,Licenciés!A:F,2,FALSE),"") | C56: =IF(A56<>"",VLOOKUP(A56,Licenciés!A:F,3,FALSE),"") | D56: =IF(A56<>"",VLOOKUP(A56,Licenciés!A:F,5,FALSE),"") | E56: =IF(A56<>"",VLOOKUP(A56,Licenciés!A:F,6,FALSE),"") | F56: =IF(A56<>"", 230,"") | I56: =IF(A56<>"",Interclubs2022!G32,"") | J56: =IF(A56<>"",VLOOKUP(A56,Licenciés!A:G,7,FALSE),"")
A57: =IF(ISERROR(Interclubs2022!I33)=FALSE,Interclubs2022!H33,"") | B57: =IF(A57<>"",VLOOKUP(A57,Licenciés!A:F,2,FALSE),"") | C57: =IF(A57<>"",VLOOKUP(A57,Licenciés!A:F,3,FALSE),"") | D57: =IF(A57<>"",VLOOKUP(A57,Licenciés!A:F,5,FALSE),"") | E57: =IF(A57<>"",VLOOKUP(A57,Licenciés!A:F,6,FALSE),"") | F57: =IF(A57<>"", 313,"") | I57: =IF(A57<>"",Interclubs2022!G33,"") | J57: =IF(A57<>"",VLOOKUP(A57,Licenciés!A:G,7,FALSE),"")
A58: =IF(ISERROR(Interclubs2022!I34)=FALSE,Interclubs2022!H34,"") | B58: =IF(A58<>"",VLOOKUP(A58,Licenciés!A:F,2,FALSE),"") | C58: =IF(A58<>"",VLOOKUP(A58,Licenciés!A:F,3,FALSE),"") | D58: =IF(A58<>"",VLOOKUP(A58,Licenciés!A:F,5,FALSE),"") | E58: =IF(A58<>"",VLOOKUP(A58,Licenciés!A:F,6,FALSE),"") | F58: =IF(A58<>"", 313,"") | I58: =IF(A58<>"",Interclubs2022!G34,"") | J58: =IF(A58<>"",VLOOKUP(A58,Licenciés!A:G,7,FALSE),"")
A59: =IF(ISERROR(Interclubs2022!I35)=FALSE,Interclubs2022!H35,"") | B59: =IF(A59<>"",VLOOKUP(A59,Licenciés!A:F,2,FALSE),"") | C59: =IF(A59<>"",VLOOKUP(A59,Licenciés!A:F,3,FALSE),"") | D59: =IF(A59<>"",VLOOKUP(A59,Licenciés!A:F,5,FALSE),"") | E59: =IF(A59<>"",VLOOKUP(A59,Licenciés!A:F,6,FALSE),"") | F59: =IF(A59<>"", 342,"") | I59: =IF(A59<>"",Interclubs2022!G35,"") | J59: =IF(A59<>"",VLOOKUP(A59,Licenciés!A:G,7,FALSE),"")
A60: =IF(ISERROR(Interclubs2022!I36)=FALSE,Interclubs2022!H36,"") | B60: =IF(A60<>"",VLOOKUP(A60,Licenciés!A:F,2,FALSE),"") | C60: =IF(A60<>"",VLOOKUP(A60,Licenciés!A:F,3,FALSE),"") | D60: =IF(A60<>"",VLOOKUP(A60,Licenciés!A:F,5,FALSE),"") | E60: =IF(A60<>"",VLOOKUP(A60,Licenciés!A:F,6,FALSE),"") | F60: =IF(A60<>"", 342,"") | I60: =IF(A60<>"",Interclubs2022!G36,"") | J60: =IF(A60<>"",VLOOKUP(A60,Licenciés!A:G,7,FALSE),"")
A61: =IF(ISERROR(Interclubs2022!I37)=FALSE,Interclubs2022!H37,"") | B61: =IF(A61<>"",VLOOKUP(A61,Licenciés!A:F,2,FALSE),"") | C61: =IF(A61<>"",VLOOKUP(A61,Licenciés!A:F,3,FALSE),"") | D61: =IF(A61<>"",VLOOKUP(A61,Licenciés!A:F,5,FALSE),"") | E61: =IF(A61<>"",VLOOKUP(A61,Licenciés!A:F,6,FALSE),"") | F61: =IF(A61<>"", 905,"") | I61: =IF(A61<>"",Interclubs2022!G37,"") | J61: =IF(A61<>"",VLOOKUP(A61,Licenciés!A:G,7,FALSE),"")
A62: =IF(ISERROR(Interclubs2022!I38)=FALSE,Interclubs2022!H38,"") | B62: =IF(A62<>"",VLOOKUP(A62,Licenciés!A:F,2,FALSE),"") | C62: =IF(A62<>"",VLOOKUP(A62,Licenciés!A:F,3,FALSE),"") | D62: =IF(A62<>"",VLOOKUP(A62,Licenciés!A:F,5,FALSE),"") | E62: =IF(A62<>"",VLOOKUP(A62,Licenciés!A:F,6,FALSE),"") | F62: =IF(A62<>"", 905,"") | I62: =IF(A62<>"",Interclubs2022!G38,"") | J62: =IF(A62<>"",VLOOKUP(A62,Licenciés!A:G,7,FALSE),"")
A63: =IF(ISERROR(Interclubs2022!I39)=FALSE,Interclubs2022!H39,"") | B63: =IF(A63<>"",VLOOKUP(A63,Licenciés!A:F,2,FALSE),"") | C63: =IF(A63<>"",VLOOKUP(A63,Licenciés!A:F,3,FALSE),"") | D63: =IF(A63<>"",VLOOKUP(A63,Licenciés!A:F,5,FALSE),"") | E63: =IF(A63<>"",VLOOKUP(A63,Licenciés!A:F,6,FALSE),"") | F63: =IF(A63<>"", 430,"") | I63: =IF(A63<>"",Interclubs2022!G39,"") | J63: =IF(A63<>"",VLOOKUP(A63,Licenciés!A:G,7,FALSE),"")
A64: =IF(ISERROR(Interclubs2022!I40)=FALSE,Interclubs2022!H40,"") | B64: =IF(A64<>"",VLOOKUP(A64,Licenciés!A:F,2,FALSE),"") | C64: =IF(A64<>"",VLOOKUP(A64,Licenciés!A:F,3,FALSE),"") | D64: =IF(A64<>"",VLOOKUP(A64,Licenciés!A:F,5,FALSE),"") | E64: =IF(A64<>"",VLOOKUP(A64,Licenciés!A:F,6,FALSE),"") | F64: =IF(A64<>"", 430,"") | I64: =IF(A64<>"",Interclubs2022!G40,"") | J64: =IF(A64<>"",VLOOKUP(A64,Licenciés!A:G,7,FALSE),"")
A65: =IF(ISERROR(Interclubs2022!I41)=FALSE,Interclubs2022!H41,"") | B65: =IF(A65<>"",VLOOKUP(A65,Licenciés!A:F,2,FALSE),"") | C65: =IF(A65<>"",VLOOKUP(A65,Licenciés!A:F,3,FALSE),"") | D65: =IF(A65<>"",VLOOKUP(A65,Licenciés!A:F,5,FALSE),"") | E65: =IF(A65<>"",VLOOKUP(A65,Licenciés!A:F,6,FALSE),"") | F65: =IF(A65<>"", 501,"") | I65: =IF(A65<>"",Interclubs2022!G41,"") | J65: =IF(A65<>"",VLOOKUP(A65,Licenciés!A:G,7,FALSE),"")
A66: =IF(ISERROR(Interclubs2022!I42)=FALSE,Interclubs2022!H42,"") | B66: =IF(A66<>"",VLOOKUP(A66,Licenciés!A:F,2,FALSE),"") | C66: =IF(A66<>"",VLOOKUP(A66,Licenciés!A:F,3,FALSE),"") | D66: =IF(A66<>"",VLOOKUP(A66,Licenciés!A:F,5,FALSE),"") | E66: =IF(A66<>"",VLOOKUP(A66,Licenciés!A:F,6,FALSE),"") | F66: =IF(A66<>"", 501,"") | I66: =IF(A66<>"",Interclubs2022!G42,"") | J66: =IF(A66<>"",VLOOKUP(A66,Licenciés!A:G,7,FALSE),"")
A67: =IF(ISERROR(Interclubs2022!I43)=FALSE,Interclubs2022!H43,"") | B67: =IF(A67<>"",VLOOKUP(A67,Licenciés!A:F,2,FALSE),"") | C67: =IF(A67<>"",VLOOKUP(A67,Licenciés!A:F,3,FALSE),"") | D67: =IF(A67<>"",VLOOKUP(A67,Licenciés!A:F,5,FALSE),"") | E67: =IF(A67<>"",VLOOKUP(A67,Licenciés!A:F,6,FALSE),"") | F67: =IF(A67<>"", 502,"") | I67: =IF(A67<>"",Interclubs2022!G43,"") | J67: =IF(A67<>"",VLOOKUP(A67,Licenciés!A:G,7,FALSE),"")
A68: =IF(ISERROR(Interclubs2022!I44)=FALSE,Interclubs2022!H44,"") | B68: =IF(A68<>"",VLOOKUP(A68,Licenciés!A:F,2,FALSE),"") | C68: =IF(A68<>"",VLOOKUP(A68,Licenciés!A:F,3,FALSE),"") | D68: =IF(A68<>"",VLOOKUP(A68,Licenciés!A:F,5,FALSE),"") | E68: =IF(A68<>"",VLOOKUP(A68,Licenciés!A:F,6,FALSE),"") | F68: =IF(A68<>"", 502,"") | I68: =IF(A68<>"",Interclubs2022!G44,"") | J68: =IF(A68<>"",VLOOKUP(A68,Licenciés!A:G,7,FALSE),"")
A69: =IF(ISERROR(Interclubs2022!I45)=FALSE,Interclubs2022!H45,"") | B69: =IF(A69<>"",VLOOKUP(A69,Licenciés!A:F,2,FALSE),"") | C69: =IF(A69<>"",VLOOKUP(A69,Licenciés!A:F,3,FALSE),"") | D69: =IF(A69<>"",VLOOKUP(A69,Licenciés!A:F,5,FALSE),"") | E69: =IF(A69<>"",VLOOKUP(A69,Licenciés!A:F,6,FALSE),"") | F69: =IF(A69<>"", 503,"") | I69: =IF(A69<>"",Interclubs2022!G45,"") | J69: =IF(A69<>"",VLOOKUP(A69,Licenciés!A:G,7,FALSE),"")
A70: =IF(ISERROR(Interclubs2022!I46)=FALSE,Interclubs2022!H46,"") | B70: =IF(A70<>"",VLOOKUP(A70,Licenciés!A:F,2,FALSE),"") | C70: =IF(A70<>"",VLOOKUP(A70,Licenciés!A:F,3,FALSE),"") | D70: =IF(A70<>"",VLOOKUP(A70,Licenciés!A:F,5,FALSE),"") | E70: =IF(A70<>"",VLOOKUP(A70,Licenciés!A:F,6,FALSE),"") | F70: =IF(A70<>"", 503,"") | I70: =IF(A70<>"",Interclubs2022!G46,"") | J70: =IF(A70<>"",VLOOKUP(A70,Licenciés!A:G,7,FALSE),"")
A71: =IF(ISERROR(Interclubs2022!I47)=FALSE,Interclubs2022!H47,"") | B71: =IF(A71<>"",VLOOKUP(A71,Licenciés!A:F,2,FALSE),"") | C71: =IF(A71<>"",VLOOKUP(A71,Licenciés!A:F,3,FALSE),"") | D71: =IF(A71<>"",VLOOKUP(A71,Licenciés!A:F,5,FALSE),"") | E71: =IF(A71<>"",VLOOKUP(A71,Licenciés!A:F,6,FALSE),"") | F71: =IF(A71<>"", 504,"") | I71: =IF(A71<>"",Interclubs2022!G47,"") | J71: =IF(A71<>"",VLOOKUP(A71,Licenciés!A:G,7,FALSE),"")
A72: =IF(ISERROR(Interclubs2022!I48)=FALSE,Interclubs2022!H48,"") | B72: =IF(A72<>"",VLOOKUP(A72,Licenciés!A:F,2,FALSE),"") | C72: =IF(A72<>"",VLOOKUP(A72,Licenciés!A:F,3,FALSE),"") | D72: =IF(A72<>"",VLOOKUP(A72,Licenciés!A:F,5,FALSE),"") | E72: =IF(A72<>"",VLOOKUP(A72,Licenciés!A:F,6,FALSE),"") | F72: =IF(A72<>"", 504,"") | I72: =IF(A72<>"",Interclubs2022!G48,"") | J72: =IF(A72<>"",VLOOKUP(A72,Licenciés!A:G,7,FALSE),"")
A73: =IF(ISERROR(Interclubs2022!I49)=FALSE,Interclubs2022!H49,"") | B73: =IF(A73<>"",VLOOKUP(A73,Licenciés!A:F,2,FALSE),"") | C73: =IF(A73<>"",VLOOKUP(A73,Licenciés!A:F,3,FALSE),"") | D73: =IF(A73<>"",VLOOKUP(A73,Licenciés!A:F,5,FALSE),"") | E73: =IF(A73<>"",VLOOKUP(A73,Licenciés!A:F,6,FALSE),"") | F73: =IF(A73<>"", 607,"") | I73: =IF(A73<>"",Interclubs2022!G49,"") | J73: =IF(A73<>"",VLOOKUP(A73,Licenciés!A:G,7,FALSE),"")
A74: =IF(ISERROR(Interclubs2022!I50)=FALSE,Interclubs2022!H50,"") | B74: =IF(A74<>"",VLOOKUP(A74,Licenciés!A:F,2,FALSE),"") | C74: =IF(A74<>"",VLOOKUP(A74,Licenciés!A:F,3,FALSE),"") | D74: =IF(A74<>"",VLOOKUP(A74,Licenciés!A:F,5,FALSE),"") | E74: =IF(A74<>"",VLOOKUP(A74,Licenciés!A:F,6,FALSE),"") | F74: =IF(A74<>"", 607,"") | I74: =IF(A74<>"",Interclubs2022!G50,"") | J74: =IF(A74<>"",VLOOKUP(A74,Licenciés!A:G,7,FALSE),"")
A75: =IF(ISERROR(Interclubs2022!I51)=FALSE,Interclubs2022!H51,"") | B75: =IF(A75<>"",VLOOKUP(A75,Licenciés!A:F,2,FALSE),"") | C75: =IF(A75<>"",VLOOKUP(A75,Licenciés!A:F,3,FALSE),"") | D75: =IF(A75<>"",VLOOKUP(A75,Licenciés!A:F,5,FALSE),"") | E75: =IF(A75<>"",VLOOKUP(A75,Licenciés!A:F,6,FALSE),"") | F75: =IF(A75<>"", 620,"") | I75: =IF(A75<>"",Interclubs2022!G51,"") | J75: =IF(A75<>"",VLOOKUP(A75,Licenciés!A:G,7,FALSE),"")
A76: =IF(ISERROR(Interclubs2022!I52)=FALSE,Interclubs2022!H52,"") | B76: =IF(A76<>"",VLOOKUP(A76,Licenciés!A:F,2,FALSE),"") | C76: =IF(A76<>"",VLOOKUP(A76,Licenciés!A:F,3,FALSE),"") | D76: =IF(A76<>"",VLOOKUP(A76,Licenciés!A:F,5,FALSE),"") | E76: =IF(A76<>"",VLOOKUP(A76,Licenciés!A:F,6,FALSE),"") | F76: =IF(A76<>"", 620,"") | I76: =IF(A76<>"",Interclubs2022!G52,"") | J76: =IF(A76<>"",VLOOKUP(A76,Licenciés!A:G,7,FALSE),"")
A77: =IF(ISERROR(Interclubs2022!I53)=FALSE,Interclubs2022!H53,"") | B77: =IF(A77<>"",VLOOKUP(A77,Licenciés!A:F,2,FALSE),"") | C77: =IF(A77<>"",VLOOKUP(A77,Licenciés!A:F,3,FALSE),"") | D77: =IF(A77<>"",VLOOKUP(A77,Licenciés!A:F,5,FALSE),"") | E77: =IF(A77<>"",VLOOKUP(A77,Licenciés!A:F,6,FALSE),"") | F77: =IF(A77<>"", 637,"") | I77: =IF(A77<>"",Interclubs2022!G53,"") | J77: =IF(A77<>"",VLOOKUP(A77,Licenciés!A:G,7,FALSE),"")
A78: =IF(ISERROR(Interclubs2022!I54)=FALSE,Interclubs2022!H54,"") | B78: =IF(A78<>"",VLOOKUP(A78,Licenciés!A:F,2,FALSE),"") | C78: =IF(A78<>"",VLOOKUP(A78,Licenciés!A:F,3,FALSE),"") | D78: =IF(A78<>"",VLOOKUP(A78,Licenciés!A:F,5,FALSE),"") | E78: =IF(A78<>"",VLOOKUP(A78,Licenciés!A:F,6,FALSE),"") | F78: =IF(A78<>"", 637,"") | I78: =IF(A78<>"",Interclubs2022!G54,"") | J78: =IF(A78<>"",VLOOKUP(A78,Licenciés!A:G,7,FALSE),"")
A79: =IF(ISERROR(Interclubs2022!I55)=FALSE,Interclubs2022!H55,"") | B79: =IF(A79<>"",VLOOKUP(A79,Licenciés!A:F,2,FALSE),"") | C79: =IF(A79<>"",VLOOKUP(A79,Licenciés!A:F,3,FALSE),"") | D79: =IF(A79<>"",VLOOKUP(A79,Licenciés!A:F,5,FALSE),"") | E79: =IF(A79<>"",VLOOKUP(A79,Licenciés!A:F,6,FALSE),"") | F79: =IF(A79<>"", 681,"") | I79: =IF(A79<>"",Interclubs2022!G55,"") | J79: =IF(A79<>"",VLOOKUP(A79,Licenciés!A:G,7,FALSE),"")
A80: =IF(ISERROR(Interclubs2022!I56)=FALSE,Interclubs2022!H56,"") | B80: =IF(A80<>"",VLOOKUP(A80,Licenciés!A:F,2,FALSE),"") | C80: =IF(A80<>"",VLOOKUP(A80,Licenciés!A:F,3,FALSE),"") | D80: =IF(A80<>"",VLOOKUP(A80,Licenciés!A:F,5,FALSE),"") | E80: =IF(A80<>"",VLOOKUP(A80,Licenciés!A:F,6,FALSE),"") | F80: =IF(A80<>"", 681,"") | I80: =IF(A80<>"",Interclubs2022!G56,"") | J80: =IF(A80<>"",VLOOKUP(A80,Licenciés!A:G,7,FALSE),"")
A81: =IF(ISERROR(Interclubs2022!I57)=FALSE,Interclubs2022!H57,"") | B81: =IF(A81<>"",VLOOKUP(A81,Licenciés!A:F,2,FALSE),"") | C81: =IF(A81<>"",VLOOKUP(A81,Licenciés!A:F,3,FALSE),"") | D81: =IF(A81<>"",VLOOKUP(A81,Licenciés!A:F,5,FALSE),"") | E81: =IF(A81<>"",VLOOKUP(A81,Licenciés!A:F,6,FALSE),"") | F81: =IF(A81<>"", 810,"") | J81: =IF(A81<>"",VLOOKUP(A81,Licenciés!A:G,7,FALSE),"") | L81: =IF(A81<>"","Re","") | M81: =IF(A81<>"",CONCATENATE(Interclubs2022!$H$4," ",Interclubs2022!$F$6),"") | N81: =IF(A81<>"",Interclubs2022!G57,"") | O81: =IF(A81<>"","SE","") | P81: =IF(A81<>"","M","")
A82: =IF(ISERROR(Interclubs2022!I58)=FALSE,Interclubs2022!H58,"") | B82: =IF(A82<>"",VLOOKUP(A82,Licenciés!A:F,2,FALSE),"") | C82: =IF(A82<>"",VLOOKUP(A82,Licenciés!A:F,3,FALSE),"") | D82: =IF(A82<>"",VLOOKUP(A82,Licenciés!A:F,5,FALSE),"") | E82: =IF(A82<>"",VLOOKUP(A82,Licenciés!A:F,6,FALSE),"") | F82: =IF(A82<>"", 810,"") | J82: =IF(A82<>"",VLOOKUP(A82,Licenciés!A:G,7,FALSE),"") | L82: =IF(A82<>"","Re","") | M82: =IF(A82<>"",CONCATENATE(Interclubs2022!$H$4," ",Interclubs2022!$F$6),"") | N82: =IF(A82<>"",Interclubs2022!G58,"") | O82: =IF(A82<>"","SE","") | P82: =IF(A82<>"","M","")
A83: =IF(ISERROR(Interclubs2022!I59)=FALSE,Interclubs2022!H59,"") | B83: =IF(A83<>"",VLOOKUP(A83,Licenciés!A:F,2,FALSE),"") | C83: =IF(A83<>"",VLOOKUP(A83,Licenciés!A:F,3,FALSE),"") | D83: =IF(A83<>"",VLOOKUP(A83,Licenciés!A:F,5,FALSE),"") | E83: =IF(A83<>"",VLOOKUP(A83,Licenciés!A:F,6,FALSE),"") | F83: =IF(A83<>"", 810,"") | J83: =IF(A83<>"",VLOOKUP(A83,Licenciés!A:G,7,FALSE),"") | L83: =IF(A83<>"","Re","") | M83: =IF(A83<>"",CONCATENATE(Interclubs2022!$H$4," ",Interclubs2022!$F$6),"") | N83: =IF(A83<>"",Interclubs2022!G59,"") | O83: =IF(A83<>"","SE","") | P83: =IF(A83<>"","M","")
A84: =IF(ISERROR(Interclubs2022!I60)=FALSE,Interclubs2022!H60,"") | B84: =IF(A84<>"",VLOOKUP(A84,Licenciés!A:F,2,FALSE),"") | C84: =IF(A84<>"",VLOOKUP(A84,Licenciés!A:F,3,FALSE),"") | D84: =IF(A84<>"",VLOOKUP(A84,Licenciés!A:F,5,FALSE),"") | E84: =IF(A84<>"",VLOOKUP(A84,Licenciés!A:F,6,FALSE),"") | F84: =IF(A84<>"", 810,"") | J84: =IF(A84<>"",VLOOKUP(A84,Licenciés!A:G,7,FALSE),"") | L84: =IF(A84<>"","Re","") | M84: =IF(A84<>"",CONCATENATE(Interclubs2022!$H$4," ",Interclubs2022!$F$6),"") | N84: =IF(A84<>"",Interclubs2022!G60,"") | O84: =IF(A84<>"","SE","") | P84: =IF(A84<>"","M","")
A85: =IF(ISERROR(Interclubs2022!I61)=FALSE,Interclubs2022!H61,"") | B85: =IF(A85<>"",VLOOKUP(A85,Licenciés!A:F,2,FALSE),"") | C85: =IF(A85<>"",VLOOKUP(A85,Licenciés!A:F,3,FALSE),"") | D85: =IF(A85<>"",VLOOKUP(A85,Licenciés!A:F,5,FALSE),"") | E85: =IF(A85<>"",VLOOKUP(A85,Licenciés!A:F,6,FALSE),"") | F85: =IF(A85<>"", 840,"") | J85: =IF(A85<>"",VLOOKUP(A85,Licenciés!A:G,7,FALSE),"") | L85: =IF(A85<>"","Re","") | M85: =IF(A85<>"",CONCATENATE(Interclubs2022!$H$4," ",Interclubs2022!$F$6),"") | N85: =IF(A85<>"",Interclubs2022!G61,"") | O85: =IF(A85<>"","SE","") | P85: =IF(A85<>"","M","")
A86: =IF(ISERROR(Interclubs2022!I62)=FALSE,Interclubs2022!H62,"") | B86: =IF(A86<>"",VLOOKUP(A86,Licenciés!A:F,2,FALSE),"") | C86: =IF(A86<>"",VLOOKUP(A86,Licenciés!A:F,3,FALSE),"") | D86: =IF(A86<>"",VLOOKUP(A86,Licenciés!A:F,5,FALSE),"") | E86: =IF(A86<>"",VLOOKUP(A86,Licenciés!A:F,6,FALSE),"") | F86: =IF(A86<>"", 840,"") | J86: =IF(A86<>"",VLOOKUP(A86,Licenciés!A:G,7,FALSE),"") | L86: =IF(A86<>"","Re","") | M86: =IF(A86<>"",CONCATENATE(Interclubs2022!$H$4," ",Interclubs2022!$F$6),"") | N86: =IF(A86<>"",Interclubs2022!G62,"") | O86: =IF(A86<>"","SE","") | P86: =IF(A86<>"","M","")
A87: =IF(ISERROR(Interclubs2022!I63)=FALSE,Interclubs2022!H63,"") | B87: =IF(A87<>"",VLOOKUP(A87,Licenciés!A:F,2,FALSE),"") | C87: =IF(A87<>"",VLOOKUP(A87,Licenciés!A:F,3,FALSE),"") | D87: =IF(A87<>"",VLOOKUP(A87,Licenciés!A:F,5,FALSE),"") | E87: =IF(A87<>"",VLOOKUP(A87,Licenciés!A:F,6,FALSE),"") | F87: =IF(A87<>"", 840,"") | J87: =IF(A87<>"",VLOOKUP(A87,Licenciés!A:G,7,FALSE),"") | L87: =IF(A87<>"","Re","") | M87: =IF(A87<>"",CONCATENATE(Interclubs2022!$H$4," ",Interclubs2022!$F$6),"") | N87: =IF(A87<>"",Interclubs2022!G63,"") | O87: =IF(A87<>"","SE","") | P87: =IF(A87<>"","M","")
A88: =IF(ISERROR(Interclubs2022!I64)=FALSE,Interclubs2022!H64,"") | B88: =IF(A88<>"",VLOOKUP(A88,Licenciés!A:F,2,FALSE),"") | C88: =IF(A88<>"",VLOOKUP(A88,Licenciés!A:F,3,FALSE),"") | D88: =IF(A88<>"",VLOOKUP(A88,Licenciés!A:F,5,FALSE),"") | E88: =IF(A88<>"",VLOOKUP(A88,Licenciés!A:F,6,FALSE),"") | F88: =IF(A88<>"", 840,"") | J88: =IF(A88<>"",VLOOKUP(A88,Licenciés!A:G,7,FALSE),"") | L88: =IF(A88<>"","Re","") | M88: =IF(A88<>"",CONCATENATE(Interclubs2022!$H$4," ",Interclubs2022!$F$6),"") | N88: =IF(A88<>"",Interclubs2022!G64,"") | O88: =IF(A88<>"","SE","") | P88: =IF(A88<>"","M","")

Sheet Jury
A1: Licence | B1: N° club | C1: N° ligue | D1: Nom | E1: Prenom | F1: Fonction | G1: Sous domaine | H1: Qualite | I1: Ordre édition fonction | J1: Ordre édition sous domaine | K1: Date jury
A2: nolicence | B2: noclub | C2: noligue | D2: nom | E2: prenom | F2: fonction | G2: sousdomaine | H2: qualite | I2: ordreeditfonction | J2: ordreeditsousdomaine | K2: datejury
A3: =IF(ISERROR(Interclubs2022!D11)=TRUE,"",Interclubs2022!C11) | B3: =IF(A3<>"",VLOOKUP(A3,Licenciés!A:G,7,FALSE),"") | C3: =IF(A3<>"","CEN","") | D3: =IF(A3<>"",Interclubs2022!D11,"") | E3: =IF(A3<>"",Interclubs2022!E11,"")
A4: =IF(ISERROR(Interclubs2022!D12)=TRUE,"",Interclubs2022!C12) | B4: =IF(A4<>"",VLOOKUP(A4,Licenciés!A:G,7,FALSE),"") | C4: =IF(A4<>"","CEN","") | D4: =IF(A4<>"",Interclubs2022!D12,"") | E4: =IF(A4<>"",Interclubs2022!E12,"")
A5: =IF(ISERROR(Interclubs2022!D13)=TRUE,"",Interclubs2022!C13) | B5: =IF(A5<>"",VLOOKUP(A5,Licenciés!A:G,7,FALSE),"") | C5: =IF(A5<>"","CEN","") | D5: =IF(A5<>"",Interclubs2022!D13,"") | E5: =IF(A5<>"",Interclubs2022!E13,"")
A6: =IF(ISERROR(Interclubs2022!D14)=TRUE,"",Interclubs2022!C14) | B6: =IF(A6<>"",VLOOKUP(A6,Licenciés!A:G,7,FALSE),"") | C6: =IF(A6<>"","CEN","") | D6: =IF(A6<>"",Interclubs2022!D14,"") | E6: =IF(A6<>"",Interclubs2022!E14,"")
A7: =IF(ISERROR(Interclubs2022!D15)=TRUE,"",Interclubs2022!C15) | B7: =IF(A7<>"",VLOOKUP(A7,Licenciés!A:G,7,FALSE),"") | C7: =IF(A7<>"","CEN","") | D7: =IF(A7<>"",Interclubs2022!D15,"") | E7: =IF(A7<>"",Interclubs2022!E15,"")
A8: =IF(ISERROR(Interclubs2022!D16)=TRUE,"",Interclubs2022!C16) | B8: =IF(A8<>"",VLOOKUP(A8,Licenciés!A:G,7,FALSE),"") | C8: =IF(A8<>"","CEN","") | D8: =IF(A8<>"",Interclubs2022!D16,"") | E8: =IF(A8<>"",Interclubs2022!E16,"")
A9: =IF(ISERROR(Interclubs2022!D17)=TRUE,"",Interclubs2022!C17) | B9: =IF(A9<>"",VLOOKUP(A9,Licenciés!A:G,7,FALSE),"") | C9: =IF(A9<>"","CEN","") | D9: =IF(A9<>"",Interclubs2022!D17,"") | E9: =IF(A9<>"",Interclubs2022!E17,"")
